 Dungeon Crawl Stone Soup version 0.26-a0-810-ge1a9524b62 (webtiles) character file.

Game seed: 8498227477426221176

1323603 miscthings the Conqueror (level 27, -10/237 HPs)
             Began as a Palentonga Delver on Nov 12, 2020.
             Was the Champion of the Shining One.
             Mangled by an Orb Guardian (50 damage)
             ... on level 5 of the Realm of Zot.
             The game lasted 04:52:33 (76532 turns).

miscthings the Conqueror (Palentonga Delver)       Turns: 76532, Time: 04:52:34

Health: -10/237    AC: 49    Str: 27    XL:     27
Magic:  44/44      EV: 14    Int:  8    God:    the Shining One [******]
Gold:   3776       SH:  0    Dex: 30    Spells: 25/26 levels left

rFire    + + +     SeeInvis +   X - +9 broad axe (holy)
rCold    + + .     Faith    .   O - +6 tower shield of Icorri {Dex+2}
rNeg     + + +     Spirit   .   K - +9 plate armour of Impermeability {-Cast Regen+ Dex+4}
rPois    +         Reflect  +   o - +0 mask of the Dragon {MR+ Slay+3 SInv}
rElec    +         Harm     .   w - scarf {rC+ rF+}
rCorr    .         Rampage  .   Y - +2 pair of gloves of Ybbaryde {Str+5 Dex+6}
MR       +++++     NoCast   +   C - +4 barding {rC+}
Stlth    ..........             f - amulet "Vifis" {Reflect rElec Dex+3 SH+5}
HPRegen  0.89/turn              V - ring of Bueveq {+Blink rF+ rN+ MR++ MP+9}
MPRegen  0.29/turn              W - ring of poison resistance

@: about to teleport, held, glowing, curled up
A: large, stinger 1, rugged brown scales 3, see invisible, blink, deformed body,
dopey 1, fire resistance 1, frail 2, screaming 1, weak 2, no potion heal 1,
roll, armoured tail, reflexive curl
0: Orb of Zot
}: 15/15 runes: decaying, barnacled, slimy, silver, golden, iron, obsidian, icy,
bone, abyssal, demonic, glowing, magical, fiery, dark
a: Rolling Charge, Blink, Divine Shield, Cleansing Flame, Summon Divine Warrior,
Renounce Religion, Evoke Blink


You were on level 5 of the Realm of Zot.
You worshipped the Shining One.
The Shining One was exalted by your worship.
You visited 18 branches of the dungeon, and saw 89 of its levels.
You visited Pandemonium 2 times, and saw 18 of its levels.
You visited the Abyss 3 times.
You visited 1 ziggurat, and saw 9 of its levels.
You also visited: Sewer, Gauntlet and Ice Cave.

You collected 11599 gold pieces.
You spent 7823 gold pieces at shops.

Inventory:

Hand Weapons
 G - a +3 sacred scourge of holy wrath
 X - a +9 broad axe of holy wrath (weapon)
Missiles
 L - 41 atropa-tipped darts
 M - 9 throwing nets (quivered)
Armour
 o - the +0 mask of the Dragon (worn) {MR+ Slay+3 SInv}
   (Okawaru gifted it to you on level 4 of the Swamp)

   It affects your accuracy and damage with ranged weapons and melee attacks
   (+3).
   It affects your resistance to hostile enchantments.
   It lets you see invisible.
 w - a scarf of resistance (worn)
 C - a +4 barding of cold resistance (worn)
 K - the +9 plate armour of Impermeability (worn) {-Cast Regen+ Dex+4}
   (You bought it in a shop on level 1 of the Elven Halls)

   It affects your dexterity (+4).
   It prevents spellcasting.
   It increases your rate of regeneration.
 O - the +6 tower shield of Icorri (worn) {Dex+2}
   (Okawaru gifted it to you on level 2 of the Orcish Mines)

   It affects your dexterity (+2).
 U - the +0 pair of gloves "Puema" {rF++ rN+ Int-4 Dex-2}
   (You found it in a Gauntlet)

   It affects your intelligence (-4).
   It affects your dexterity (-2).
   It greatly protects you from fire.
   It protects you from negative energy.
 Y - the +2 pair of gloves of Ybbaryde (worn) {Str+5 Dex+6}
   (You bought it in a shop on level 10 of the Dungeon)

   It affects your strength (+5).
   It affects your dexterity (+6).
Jewellery
 b - the ring "Savo" {rF+ rC+ MP+9}
   (You found it on level 5 of the Vaults)

   [ring of magical power]

   It protects you from fire.
   It protects you from cold.
   It affects your magic capacity (+9).
 f - the amulet "Vifis" (around neck) {Reflect rElec Dex+3 SH+5}
   (You bought it in a shop on level 2 of the Orcish Mines)

   [amulet of reflection]

   It shields you and reflects attacks.
   It affects your dexterity (+3).
   It insulates you from electricity.
   It affects your SH (+5).
 u - the amulet of Ysmenueh {Regen+ Str+5}
   (You found it in Pandemonium)

   [amulet of regeneration]

   It affects your strength (+5).
   It increases your rate of regeneration.
 y - the ring "Wishij Hipn" {rC+ rN+ Int+7}
   (You found it on level 5 of the Vaults)

   [ring of positive energy]

   It affects your intelligence (+7).
   It protects you from cold.
   It protects you from negative energy.
 V - the ring of Bueveq (left hand) {+Blink rF+ rN+ MR++ MP+9}
   (You found it on level 3 of the Elven Halls)

   [ring of protection from fire]

   It protects you from fire.
   It protects you from negative energy.
   It affects your resistance to hostile enchantments.
   It affects your magic capacity (+9).
   It lets you blink.
 W - a ring of poison resistance (right hand)
Wands
 k - a wand of enslavement (29)
 B - a wand of digging (16)
 F - a wand of acid (43)
 J - a wand of disintegration (55)
 R - a wand of iceblast (1)
 S - a wand of paralysis (45)
Scrolls
 a - 21 scrolls of remove curse
 c - a scroll of fog
 j - 7 scrolls of vulnerability
 l - 4 scrolls of teleportation
 q - 14 scrolls of identify {@r1}
 s - 9 scrolls of immolation
 t - 2 scrolls of blinking
 z - 6 scrolls of fear
 E - 4 scrolls of silence
 H - 3 scrolls of holy word
 Z - a scroll of summoning
Potions
 e - 8 potions of magic
 g - 3 potions of resistance
 h - 5 potions of ambrosia
 m - 15 potions of cancellation
 n - 2 potions of heal wounds
 r - 19 potions of curing
 v - 5 potions of berserk rage
 D - 7 potions of attraction
 I - 16 potions of flight
 Q - 14 potions of lignification
Miscellaneous
 i - a phantom mirror
 A - a phial of floods
 N - a tin of tremorstones (2/2)
 P - a condenser vane
 T - a box of beasts


   Skills:
 O Level 27 Fighting
 + Level 21.2(23.2) Axes
 - Level 17.9(21.7) Maces & Flails
 - Level 10.6 Throwing
 + Level 20.6 Armour
 O Level 27 Dodging
 - Level 3.3 Stealth
 + Level 20.3 Shields
 - Level 17.1 Invocations
 - Level 15.0 Evocations


You had 25 spell levels left.
You knew the following spells:

 Your Spells              Type           Power        Failure   Level
a - Apportation           Tloc           #.....       89%         1

Your spell library contained the following spells:

 Spells                   Type           Power        Failure   Level
 Animate Skeleton         Necr           #.....       89%         1
 Beastly Appendage        Tmut           #.....       89%         1
 Corona                   Hex            #......      89%         1
 Foxfire                  Conj/Fire      #...         89%         1
 Freeze                   Ice            #...         89%         1
 Magic Dart               Conj           #...         89%         1
 Pain                     Necr           #...         89%         1
 Sandblast                Erth           #.....       89%         1
 Shock                    Conj/Air       #...         89%         1
 Summon Small Mammal      Summ           #...         89%         1
 Blink                    Tloc           N/A          96%         2
 Call Imp                 Summ           #.......     96%         2
 Corpse Rot               Necr/Air       N/A          96%         2
 Ensorcelled Hibernation  Hex/Ice        #.....       96%         2
 Passwall                 Tmut/Erth      #.......     96%         2
 Searing Ray              Conj           #.....       96%         2
 Slow                     Hex            #.......     96%         2
 Sublimation of Blood     Necr           #.........   96%         2
 Swiftness                Air            #.......     96%         2
 Wereblood                Tmut           #.......     96%         2
 Call Canine Familiar     Summ           #.......     99%         3
 Confusing Touch          Hex            #.......     99%         3
 Conjure Flame            Conj/Fire      #.......     99%         3
 Dazzling Flash           Conj/Hex       #.....       99%         3
 Frozen Ramparts          Ice            #.....       99%         3
 Gell's Gravitas          Tloc           #.........   99%         3
 Ignite Poison            Fire/Tmut/Pois #.......     99%         3
 Inner Flame              Hex/Fire       #.......     99%         3
 Lesser Beckoning         Tloc           #.........   99%         3
 Mephitic Cloud           Conj/Pois/Air  #.......     99%         3
 Ozocubu's Armour         Ice            #.......     99%         3
 Portal Projectile        Hex/Tloc       #.....       99%         3
 Spider Form              Tmut/Pois      #.........   99%         3
 Static Discharge         Conj/Air       #.......     99%         3
 Stone Arrow              Conj/Erth      #.....       99%         3
 Summon Guardian Golem    Hex/Summ       #.......     99%         3
 Teleport Other           Tloc           #.......     99%         3
 Tukima's Dance           Hex            #.......     99%         3
 Airstrike                Air            #.........   100%        4
 Cause Fear               Hex            #.........   100%        4
 Dispel Undead            Necr           #.......     100%        4
 Fulminant Prism          Conj/Hex       #.........   100%        4
 Hailstorm                Conj/Ice       #.......     100%        4
 Ice Form                 Ice/Tmut       #.......     100%        4
 Iskenderun's Mystic Bla  Conj/Tloc      #.......     100%        4
 Leda's Liquefaction      Hex/Erth       #.........   100%        4
 Passage of Golubria      Tloc           N/A          100%        4
 Petrify                  Tmut/Erth      #.......     100%        4
 Sticky Flame             Conj/Fire      #.......     100%        4
 Summon Ice Beast         Ice/Summ       #.......     100%        4
 Summon Lightning Spire   Summ/Air       #.......     100%        4
 Alistair's Intoxication  Tmut/Pois      #........    100%        5
 Blade Hands              Tmut           #.........   100%        5
 Bolt of Magma            Conj/Fire/Erth #.........   100%        5
 Borgnjor's Vile Clutch   Necr/Erth      #.........   100%        5
 Excruciating Wounds      Necr           #.........   100%        5
 Fireball                 Conj/Fire      #.........   100%        5
 Irradiate                Conj/Tmut      #.........   100%        5
 Iskenderun's Battlesphe  Conj           #.......     100%        5
 Lee's Rapid Deconstruct  Erth           #.........   100%        5
 Lightning Bolt           Conj/Air       #.........   100%        5
 Metabolic Englaciation   Hex/Ice        #.........   100%        5
 Silence                  Hex/Air        #.........   100%        5
 Summon Demon             Summ           #.........   100%        5
 Summon Forest            Summ/Tloc      #.........   100%        5
 Summon Mana Viper        Hex/Summ       #.......     100%        5
 Yara's Violent Unravell  Hex/Tmut       #.........   100%        5
 Conjure Ball Lightning   Conj/Air       #.........   100%        6
 Dispersal                Tloc           #.........   100%        6
 Eringya's Noxious Bog    Tmut/Pois      #.........   100%        6
 Freezing Cloud           Conj/Ice/Air   #.........   100%        6
 Hydra Form               Tmut           #.........   100%        6
 Invisibility             Hex            #.......     100%        6
 Iron Shot                Conj/Erth      #.........   100%        6
 Ozocubu's Refrigeration  Ice            #.........   100%        6
 Shadow Creatures         Summ           N/A          100%        6
 Simulacrum               Ice/Necr       #.........   100%        6
 Starburst                Conj/Fire      #.........   100%        6
 Statue Form              Tmut/Erth      #........    100%        6
 Dragon Form              Tmut           #.........   100%        7
 Malign Gateway           Summ/Tloc      #.........   100%        7
 Monstrous Menagerie      Summ           #.........   100%        7
 Orb of Destruction       Conj           #.........   100%        7
 Spellforged Servitor     Conj/Summ      #.........   100%        7
 Summon Greater Demon     Summ           #.........   100%        7
 Summon Hydra             Summ           #.........   100%        7
 Discord                  Hex            #.........   100%        8
 Disjunction              Tloc           #.........   100%        8
 Ignition                 Fire           #.........   100%        8
 Summon Horrible Things   Summ           #.........   100%        8
 Death's Door             Necr           #.........   100%        9
 Shatter                  Erth           #.........   100%        9
 Tornado                  Air            #.........   100%        9


Dungeon Overview and Level Annotations

Branches:
Dungeon (15/15)            Temple (1/1) D:7            Lair (6/6) D:10
  Swamp (4/4) Lair:4       Shoals (4/4) Lair:4        Slime (5/5) Lair:6
    Orc (2/2) D:10            Elf (3/3) Orc:2        Vaults (5/5) D:14
  Crypt (3/3) Vaults:2       Tomb (3/3) Crypt:3      Depths (5/5) D:15
   Hell (visited)             Dis (7/7) Hell            Geh (7/7) Hell
    Coc (7/7) Hell            Tar (7/7) Hell            Zot (5/5) Depths:5
  Sewer (visited)           IceCv (visited)         Gauntlet (visited)

Altars:
Ashenzari
Cheibriados
Dithmenos
Elyvilon
Fedhas
Gozag
Hepliaklqana
Kikubaaqudgha
Makhleb
Nemelex Xobeh
Okawaru
Qazlal
Ru
Sif Muna
Trog
Uskayaw
Vehumet
Wu Jian
Xom
Yredelemnul
Zin
The Shining One
Beogh
Jiyva

Shops:
D:10 *   D:12 !   D:14 [   Orc:2 ===?   Elf:1 [   Elf:3 [   Shoals:2 *
Vaults:1 *   Vaults:5 !!:=([?   Depths:1 :   Depths:5 *

Portals:
Hell: Depths:1 Depths:2 Depths:3 Depths:4 Depths:5
Abyss: Depths:1 Depths:3 Depths:4
Pandemonium: Depths:3


Innate Abilities, Weirdness & Mutations

You are completely covered in rugged brown scales. (AC +3, +7% HP)
You have supernaturally acute eyesight. (SInv)
Armour fits poorly on your strangely shaped body.
You can roll at foes to attack.
You have a long armoured tail.
You curl defensively after being hit.
Your tail ends in a poisonous barb.
You can translocate small distances at will.
You are dopey. (Int -2)
Your flesh is heat resistant. (rF+)
You are very frail. (-20% HP)
You occasionally shout uncontrollably at your foes.
You are very weak. (Str -4)
Potions are less effective at restoring your health.


Message History

You become entangled in the net!
You see here a throwing net.
You struggle against the net.
You hear a roar! x2
The orb of fire glows deep purple.
The bolt of fire hits the orb of fire.
The orb of fire completely resists.
The bolt of fire hits you. You resist.
You tear a large gash into the net.
The Orb Guardian hits you!!! The Orb Guardian misses you.
The orb of fire glows bright magenta.
The bolt of fire hits the orb of fire.
The orb of fire completely resists.
The bolt of fire hits you but does no damage.
You struggle against the net.
The Orb Guardian hits you!!!
* * * LOW HITPOINT WARNING * * *
The Orb Guardian hits you but does no damage.
The orb of fire glows deep purple.
The bolt of fire hits you!! You resist.
* * * LOW HITPOINT WARNING * * *
The Orb Guardian hits you!!!
You die...

,,* ▓▓▓▓▓▓▓▓▓ ▓.............,,^,,
,,*▓▓.......▓▓▓..................
,,▓▓....^....▓▓...^.........^....
D.▓...........▓..................
,..........y..y...^..............
,.▓......y....▓..............^...
,,▓▓.......p^▓▓Dp................
,,*▓▓.......▓▓▓X**...............
,,* ▓▓▓▓▓▓▓▓▓ #.@................
,** ##.............)... **
##▓...............
▓▓▓▓............ *
#▓▓▓▓▓▓▓▓▓▓▓##^.. ***
###....)).^.^...... ,,**
##....##[...........
,,,*##########...###....^........
*,,.............###..............


You could see 2 orbs of fire, a Killer Klown, a storm dragon (berserk), an Orb
Guardian (berserk) and a moth of wrath.

Vanquished Creatures
  Cerebov (Pan)
  Antaeus (Coc:7)
  Asmodeus (Geh:7)
  Ereshkigal (Tar:7)
  the Royal Jelly (Slime:5)
  Dissolution (Slime:2)
  Gloorx Vloq (Pan)
  Mnoleg (Pan)
  A seraph (Pan)
  Lom Lobon (Pan)
  Dispater (Dis:7)
  An orb of fire (Zot:5)
  Mara (Swamp:4)
  Mennas (Vaults:5)
  3 ancient liches
  2 pandemonium lords
  A juggernaut (Depths:2)
  31 greater mummies
  16 shard shrikes
  Sojobo (Vaults:4)
  Bai Suzhen (Swamp:4)
  Saint Roka (Vaults:1)
  A Killer Klown (Zot:5)
  The ghost of karrick the Victor of a Thousand Battles, a veteran DsGl of Okawaru (Shoals:2)
  6 golden dragons
  Geryon (Hell)
  2 pearl dragons (Pan)
  Nikola (Elf:1)
  Jory (Crypt:3)
  5 doom hounds
  13 bone dragons
  11 Brimstone Fiends
  3 iron giants
  3 hellephants (Crypt:2)
  Jorgrun (D:15)
  11 liches
  8 tentacled monstrosities
  7 Tzitzimimeh
  7 Hell Sentinels (Dis:7)
  14 Ice Fiends
  The ghost of ArcanElement the Eclecticist, an adept DEWz of Sif Muna (Shoals:4)
  25 titans
  7 deep elf master archers
  16 Orb Guardians (Zot:5)
  2 krakens
  23 Executioners
  7 quicksilver dragons
  6 deep elf blademasters
  2 tentacled starspawn (Abyss:3)
  4 death cobs
  The ghost of Sun the Imperceptible, an adept KoDe of Ru (Depths:4)
  15 sphinxes
  25 acid blobs
  Polyphemus (Shoals:4)
  Gastronok (D:10)
  12 storm dragons
  13 shadow dragons
  10 ancient champions
  3 thorn hunters
  Kirke (Shoals:2)
  Ilsuiw (Shoals:4)
  4 revenants
  11 tengu reavers
  A fenstrider witch (Swamp:2)
  3 blood saints (Pan)
  5 draconian monks
  30 fire giants
  2 draconian scorchers
  12 daevas (Pan)
  Aizul (Shoals:2)
  12 azure jellies
  4 draconian knights
  13 deep elf sorcerers
  8 warmongers (Pan)
  23 frost giants
  Louise (D:14)
  4 ghost moths
  A ghost moth (shapeshifter) (Vaults:4)
  8 iron dragons
  12 vault wardens
  2 orc warlords
  2 ghouls (Crypt:1)
  4 draconian stormcallers
  6 draconian annihilators
  16 cacodemons
  19 balrugs
  3 deep elf elementalists
  18 angels (Pan)
  42 reapers
  A draconian shifter (Zot:1)
  4 curse skulls
  4 elemental wellsprings
  32 very ugly things
  24 ironheart preservers
  A spriggan defender (Depths:4)
  3 war gargoyles (Crypt:3)
  A caustic shrike skeleton (Depths:3)
  20 apis (Pan)
  6 entropy weavers
  14 ophanim (Pan)
  7 bennus
  39 stone giants
  2 corrupters (Pan)
  5 green draconians
  A minotaur (Gauntlet)
  9 vampire knights
  5 black draconians
  3 lorocyprocas (Pan)
  10 deep elf demonologists
  11 deep elf annihilators
  4 purple draconians
  9 red draconians
  A spark wasp (shapeshifter) (Vaults:5)
  11 white draconians
  3 spark wasps
  4 black suns (Pan)
  4 bunyips
  7 yellow draconians
  23 ettins
  3 eleionomae
  A crystal guardian (Vaults:5)
  2 eidola (Crypt:1)
  3 merfolk javelineers (Shoals:4)
  A quicksilver dragon zombie (Tar:2)
  19 blizzard demons
  12 deep elf death magi
  8 death oozes
  15 green deaths (Pan)
  4 jiangshi
  10 fire dragons
  A shambling mangrove (Swamp:4)
  16 mummy priests
  14 merfolk impalers
  24 yaktaur captains
  A fire dragon (shapeshifter) (D:14)
  3 deep elf high priests
  An ice dragon (shapeshifter) (Vaults:4)
  The ghost of Moral the Frost Mage, a journeyman NaIE of Cheibriados (Lair:3)
  27 great orbs of eyes
  29 vault guards
  A fenstrider witch zombie (Crypt:2)
  28 ice dragons
  Josephine (D:14)
  11 rakshasas
  5 quicksilver dragon skeletons
  4 death knights
  2 ghost crabs
  3 merfolk aquamancers (Shoals:4)
  26 hydras
  11 boulder beetles
  3 spriggan air magi
  63 two-headed ogres
  4 merfolk avatars
  The ghost of SolusNox the Cleaver, a novice MiBe of Trog (D:10)
  11 centaur warriors
  2 satyrs (Shoals:4)
  5 tengu warriors
  4 monstrous demonspawn (Pan)
  2 catoblepae
  36 death scarabs
  17 hell hogs
  5 alligators
  21 ogre magi
  7 death yaks
  8 spriggan berserkers
  7 vampire magi
  13 deep troll earth magi
  18 deep troll shamans
  A thrashing horror (Abyss:3)
  29 dancing weapons
  3 shock serpents (Pan)
  4 titan zombies
  78 hell knights
  2 goliath frogs (Swamp:1)
  Urug (D:11)
  2 iron golems
  4 titan skeletons
  27 sun demons
  4 storm dragon zombies
  37 deep elf knights
  13 iron trolls
  125 skeletal warriors
  32 soul eaters
  2 storm dragon skeletons
  8 shadow wraiths
  9 sea snakes
  2 wretched stars (Abyss:3)
  17 sixfirhies
  23 deep trolls
  The ghost of marklar909 the Ruffian, a novice DrTm of Ashenzari (D:7)
  4 death drakes
  A golden dragon zombie (Tar:7)
  An unseen horror (shapeshifter) (Depths:3)
  A ghost moth zombie (Coc:7)
  8 spriggan druids
  9 cherubim (Pan)
  30 deep elf archers
  10 glowing orange brains
  8 shadow demons
  2 torturous demonspawn (Pan)
  11 anaconda zombies
  4 unseen horrors
  16 bog bodies
  2 kraken simulacra
  A swamp dragon (shapeshifter) (D:15)
  8 wizards
  15 flayed ghosts
  3 gelid demonspawn (Pan)
  20 orc knights
  3 shadow dragon zombies
  12 ironbrand convokers
  14 swamp dragons
  20 necromancers
  4 golden dragon skeletons
  4 anaconda skeletons
  7 iron dragon zombies
  17 phantasmal warriors
  2 orb spiders
  46 ugly things
  3 shadow dragon skeletons
  4 frost giant zombies
  9 wolf spiders
  5 wolf spider zombies
  16 manticores
  6 orc sorcerers
  3 shining eyes
  3 tengu skeletons
  7 stone giant zombies
  73 deep elf magi
  11 cyclopes
  3 fauns (Shoals:1)
  10 harpies
  11 elephants
  6 iron dragon skeletons
  7 moths of wrath
  2 shining eyes (shapeshifter)
  8 fire giant zombies
  2 will-o-the-wisps
  Maurice (D:11)
  3 fire giant skeletons
  2 black mambas (shapeshifter) (Vaults:4)
  3 eyes of devastation
  3 water nymphs
  2 frost giant skeletons
  6 ice statues
  A shock serpent zombie (Dis:1)
  11 merfolk sirens
  23 rust devils
  2 black mambas
  A guardian serpent (Abyss:3)
  An eye of devastation (shapeshifter) (Depths:3)
  2 stone giant skeletons
  A guardian serpent (shapeshifter) (Vaults:4)
  An elf zombie (Depths:3)
  4 dire elephant skeletons
  5 molten gargoyles (Geh:7)
  23 smoke demons
  A spectral sea snake (Shoals:4)
  5 gargoyles
  10 orange demons
  A shock serpent skeleton (Tar:6)
  14 vault sentinels
  A cane toad (shapeshifter) (Elf:2)
  Maggie (D:7)
  A catoblepas zombie (Dis:7)
  2 minotaur zombies (Gauntlet)
  2 emperor scorpion zombies
  28 hellions
  6 centaur skeletons
  7 cane toads
  3 torpor snails
  A yaktaur zombie (Vaults:4)
  2 rime drakes
  34 freezing wraiths
  4 efreet
  A yellow draconian zombie (Geh:2)
  3 ancient zymes (Abyss:3)
  8 komodo dragons
  43 yaktaurs
  An alligator snapping turtle skeleton (Crypt:1)
  2 catoblepas skeletons
  28 red devils
  4 demonic crawlers
  36 tormentors
  A minotaur skeleton (Crypt:1)
  3 silent spectres
  A yaktaur skeleton (Vaults:3)
  36 guardian mummies
  A purple draconian skeleton (Crypt:1)
  A red draconian skeleton (Tar:2)
  32 ice devils
  11 trolls
  4 harpy zombies
  17 hellwings (Pan)
  15 hornets
  2 meliai (shapeshifter)
  A queen bee (shapeshifter) (Vaults:2)
  9 hydra zombies
  A tengu conjurer (Gauntlet)
  A jumping spider (shapeshifter) (D:14)
  23 merfolk
  A hornet (shapeshifter) (D:14)
  A wind drake (shapeshifter) (Depths:2)
  7 wind drakes
  12 tyrant leeches
  Grinder (D:5)
  6 hydra skeletons
  4 polar bears (Lair:6)
  3 alligator zombies
  A polar bear (shapeshifter) (Depths:3)
  6 fire dragon zombies
  24 dream sheep
  5 harpy skeletons
  106 slime creatures
  9 blink frogs
  2 blink frogs (shapeshifter)
  9 raiju
  9 ice dragon zombies
  A stone giant simulacrum (Vaults:3)
  2 ettin zombies
  A spectral manticore (Shoals:4)
  15 snapping turtles
  2 tarantellas
  2 black mamba zombies
  A shock serpent simulacrum (Coc:7)
  3 air elementals
  A vampire (D:11)
  5 fire dragon skeletons
  72 flying skulls
  2 redbacks
  11 ynoxinuls
  11 ettin skeletons
  A spriggan (shapeshifter) (Depths:2)
  6 wyverns
  7 ice dragon skeletons
  A tarantella (shapeshifter) (Depths:2)
  36 wraiths
  32 shadows
  17 ushabtiu
  14 spriggans
  26 fire elementals
  5 basilisks
  A basilisk (shapeshifter) (Vaults:5)
  Grum (D:11)
  3 fire bats
  24 water elementals
  54 yaks
  2 alligator skeletons
  2 golden eyes (Slime:5)
  A sea snake simulacrum (Shoals:4)
  A steam dragon (shapeshifter) (Vaults:4)
  A yak (shapeshifter) (Vaults:1)
  7 hogs (Shoals:2)
  A steam dragon (D:9)
  14 neqoxecs
  5 wargs
  5 vampire mosquitoes
  7 chaos spawn
  A harpy simulacrum (Shoals:4)
  3 human zombies
  A merfolk zombie (Dis:7)
  32 large abominations
  17 swamp worms
  An infernal demonspawn zombie (Geh:2)
  3 acid dragons
  A spectral snapping turtle (Shoals:4)
  A monstrous demonspawn zombie (Crypt:1)
  41 hell hounds
  13 water moccasins
  5 sky beasts
  13 cane toad zombies
  An infernal demonspawn skeleton (Crypt:3)
  6 cane toad skeletons
  2 merfolk skeletons
  2 floating eyes
  46 orc warriors
  A manticore zombie (Crypt:1)
  6 swamp dragon zombies
  19 ice beasts
  3 snapping turtle zombies
  5 black bears
  9 swamp drakes
  3 alligator simulacra
  8 eyes of draining
  3 merfolk simulacra (Shoals:4)
  21 necrophages
  6 phantoms
  16 boggarts
  23 wolves
  68 ogres
  23 centaurs
  4 snapping turtle skeletons
  A swamp dragon skeleton (Coc:4)
  2 big kobolds (D:8)
  5 earth elementals
  19 bullfrogs
  A water nymph simulacrum (Shoals:4)
  2 wyvern zombies (D:14)
  A draconian skeleton (Crypt:1)
  A water moccasin zombie (Crypt:2)
  A water moccasin skeleton (D:8)
  4 scorpions
  A spriggan zombie (Dis:7)
  18 killer bees
  62 wights
  2 howler monkeys
  An electric eel (Lair:4)
  16 crimson imps
  A bullfrog zombie (D:10)
  6 centaur zombies
  6 hounds
  3 quasits
  4 human simulacra
  6 jellies
  25 orc priests
  17 iron imps
  2 human skeletons
  3 bullfrog skeletons
  4 iguanas
  20 orc wizards
  8 worker ants
  A killer bee zombie (D:10)
  4 small abominations (Abyss:3)
  2 tengu zombies
  A naga zombie (Crypt:2)
  An ogre zombie (Dis:7)
  A hound zombie (D:9)
  A hound skeleton (D:5)
  55 mummies
  A howler monkey zombie (D:7)
  2 worker ant zombies
  3 gnolls (D:2)
  17 adders
  4 river rats (Sewer)
  14 shadow imps
  31 white imps
  2 ufetubi
  2 oozes
  2 adder zombies (D:9)
  2 adder skeletons
  3 worms
  A barachi skeleton (Crypt:2)
  A dart slug (D:1)
  8 leopard geckos
  115 orcs
  8 bats
  6 giant cockroaches
  18 goblins
  5 hobgoblins
  9 jackals
  34 kobolds
  3 quokkas
  6 ball pythons
  3 frilled lizards
  A giant cockroach zombie (Crypt:1)
  An orc zombie (Tar:6)
  A quokka zombie (D:5)
  33 rats
  2 briar patches (Swamp:3)
  A lurking horror (Abyss:3)
  4 tentacles
4457 creatures vanquished.

Vanquished Creatures (collateral kills)
  An orb of fire (Zot:5)
  4 greater mummies
  A pandemonium lord (Pan)
  A Tzitzimitl (Tar:7)
  4 Orb Guardians (Zot:5)
  2 Executioners (Zig:7)
  An ancient champion (Hell)
  A frost giant (Hell)
  A reaper (Tar:7)
  A blizzard demon (Hell)
  2 hell hogs
  A large abomination (Pan)
  2 hell knights (Geh:7)
  2 soul eaters
  2 iron golems (Hell)
  A sun demon (Hell)
  4 skeletal warriors (Hell)
  An anaconda zombie (Coc:7)
  A phantasmal warrior (Tar:7)
  A rust devil (Hell)
  A guardian mummy (Tomb:3)
  A red devil (Hell)
  A flying skull (Tar:7)
  A wraith (Geh:7)
  An ushabti (Tomb:3)
  An orc warrior (Elf:3)
  A wight (Tar:7)
  A mummy (Tomb:3)
42 creatures vanquished.

Vanquished Creatures (others)
  An eldritch tentacle (Pan)
  A balrug (Geh:7)
  A reaper (Dis:7)
  An elemental wellspring (Coc:7)
  A vampire knight (Depths:3)
  A spark wasp (Zig:8)
  2 green deaths (Pan)
  A yaktaur captain (Vaults:5)
  A death knight (Crypt:2)
  An alligator snapping turtle (Shoals:4)
  A hell hog (Geh:7)
  A deep elf knight (Elf:1)
  A soul eater (Hell)
  3 hell knights
  A deep elf archer (Elf:1)
  A bog body (Coc:7)
  A wizard (Pan)
  An iron dragon zombie (Dis:2)
  4 deep elf magi
  A frost giant zombie (Coc:7)
  A stone giant skeleton (Geh:7)
  2 smoke demons
  2 freezing wraiths (Crypt:2)
  3 hellwings (Pan)
  A bloated husk (Swamp:4)
  A ynoxinul (Pan)
  4 flying skulls
  A wraith (Geh:7)
  A water elemental (Elf:3)
  A fire bat (Pan)
  2 orc warriors
  An ushabti (Tomb:2)
  A water moccasin (Lair:3)
  2 boggarts (Depths:1)
  A quasit (Abyss:2)
  A white imp (Coc:4)
  An orc (D:12)
  A block of ice (Pan)
  A briar patch (Swamp:3)
  14 demonic plants (Gauntlet)
  10 foxfires (Swamp:4)
  22 fungi
  51 plants
  7 starspawn tentacles (Abyss:3)
  27 tentacles
  28 withered plants (Crypt:3)
213 creatures vanquished.

Grand Total: 4712 creatures vanquished

Notes
Turn   | Place    | Note
-------+----------+-------------------------------------------
     0 | D:5      | miscthings the Palentonga Delver began the quest for the
                  | Orb.
     0 | D:5      | Reached XP level 1. HP: 20/20 MP: 1/1
   185 | D:5      | Noticed Grinder
   186 | D:5      | Noticed a worker ant
   202 | D:5      | Paralysed by Grinder for 2 turns
   225 | D:5      | Paralysed by Grinder for 4 turns
   298 | D:3      | Reached XP level 2. HP: 22/27 MP: 2/2
   299 | D:3      | Found an iron altar of Okawaru.
   304 | D:3      | Became a worshipper of Warmaster Okawaru
   454 | D:3      | Reached skill level 1 in Maces & Flails
   454 | D:3      | Reached XP level 3. HP: 16/33 MP: 3/3
   751 | D:3      | Found a glowing drain.
   766 | Sewer    | Entered a sewer
   873 | Sewer    | Reached XP level 4. HP: 40/40 MP: 4/4
  1050 | Sewer    | Reached * piety under Okawaru
  1050 | Sewer    | Reached XP level 5. HP: 16/48 MP: 5/5
  2768 | D:2      | Reached skill level 5 in Maces & Flails
  3439 | D:1      | Reached XP level 6. HP: 54/54 MP: 6/6
  4271 | D:4      | Gained mutation: You curl defensively after being hit.
                  | [Palentonga growth]
  4271 | D:4      | Reached XP level 7. HP: 29/60 MP: 7/7
  5336 | D:5      | Reached ** piety under Okawaru
  5442 | D:5      | Paralysed by Grinder for 6 turns
  5455 | D:5      | Killed Grinder
  5455 | D:5      | Reached XP level 8. HP: 62/67 MP: 8/8
  5828 | D:5      | Reached skill level 10 in Maces & Flails
  5944 | D:6      | Found a transporter.
  5983 | D:6      | Reached *** piety under Okawaru
  6360 | D:6      | Reached XP level 9. HP: 67/73 MP: 9/9
  6430 | D:6      | Found a transporter.
  6857 | D:2      | Found a radiant altar of Vehumet.
  7315 | D:7      | Reached **** piety under Okawaru
  7368 | D:7      | Noticed Maggie
  7395 | D:7      | Killed Maggie
  7395 | D:7      | Received a gift from Okawaru
  7395 | D:7      | Reached skill level 1 in Throwing
  7395 | D:7      | Reached skill level 1 in Armour
  7395 | D:7      | Reached skill level 1 in Shields
  7395 | D:7      | Reached skill level 1 in Invocations
  7395 | D:7      | Reached skill level 1 in Evocations
  7572 | D:7      | Found an iron altar of Okawaru.
  7572 | D:7      | Found a burning altar of Makhleb.
  7578 | D:7      | Found a broken altar of Ashenzari.
  7580 | D:7      | Found an opulent altar of Gozag.
  7581 | D:7      | Found a faded altar of an unknown god.
  7603 | D:7      | Found a runed translucent gate.
  7603 | D:7      | Found a runed translucent gate.
  7603 | D:7      | Found a runed translucent gate.
  7603 | D:7      | Noticed marklar909's ghost (novice DrTm)
  7613 | D:7      | Found a roughly hewn altar of Beogh.
  7737 | D:7      | Found a staircase to the Ecumenical Temple.
  7853 | Temple   | Entered the Ecumenical Temple
  8203 | D:8      | Reached XP level 10. HP: 83/83 MP: 12/12
  8364 | D:8      | Reached ***** piety under Okawaru
  8381 | D:8      | Found a stormy altar of Qazlal.
  9062 | D:9      | Received a gift from Okawaru
  9067 | D:9      | Got a dazzling eveningstar {god gift}
  9068 | D:9      | Identified the +5 eveningstar of the Fool {flame, Int+4}
                  | (Okawaru gifted it to you on level 9 of the Dungeon)
  9567 | D:9      | Noticed a two-headed ogre
  9580 | D:9      | Killed a two-headed ogre
  9688 | D:9      | Reached skill level 5 in Fighting
  9856 | D:10     | Entered Level 10 of the Dungeon
  9911 | D:10     | Found a transporter.
  9919 | D:10     | Noticed SolusNox's ghost (novice MiBe)
  9919 | D:10     | Noticed a two-headed ogre
  9928 | D:10     | Noticed a cyclops
  9928 | D:10     | Noticed a moth of wrath
  9934 | D:10     | Found a bloodstained altar of Trog.
  9941 | D:10     | Found a transporter.
 10009 | D:10     | Found Tuketrin's Antique Artefacts.
 10038 | D:10     | Bought a shimmering ring mail for 297 gold pieces
 10048 | D:10     | Identified the cursed +1 ring mail "Ettuni Ochith" {MR+
                  | Str+2} (You bought it in a shop on level 10 of the Dungeon)
 10048 | D:10     | Bought a glittering steel ring for 165 gold pieces
 10048 | D:10     | Identified the ring "Qierumu" {Int+2 SInv} (You bought it
                  | in a shop on level 10 of the Dungeon)
 10131 | D:10     | Reached XP level 11. HP: 87/94 MP: 14/14
 10207 | D:10     | Found a roughly hewn altar of Beogh.
 10207 | D:10     | Found a staircase to the Orcish Mines.
 10207 | D:10     | Noticed an orc knight
 10351 | D:10     | Killed an orc knight
 10351 | D:10     | Received a gift from Okawaru
 10439 | D:10     | Noticed a two-headed ogre
 10446 | D:10     | Killed a two-headed ogre
 10446 | D:10     | Received a gift from Okawaru
 10447 | D:10     | Got a scorched chain mail {god gift}
 10463 | D:10     | Identified the +1 chain mail of the Armadillo {rC+ rCorr
                  | Str+2} (Okawaru gifted it to you on level 10 of the
                  | Dungeon)
 10492 | D:10     | Noticed a two-headed ogre
 10498 | D:10     | Killed a two-headed ogre
 10498 | D:10     | Reached skill level 5 in Invocations
 10582 | D:10     | Noticed Gastronok
 10814 | D:10     | Killed Gastronok
 10850 | D:10     | Identified a scroll of acquirement
 10851 | D:10     | Acquired a manual of Maces & Flails
 10856 | D:10     | Found a staircase to the Lair.
 10887 | Lair:1   | Entered Level 1 of the Lair of Beasts
 11748 | Lair:2   | Reached XP level 12. HP: 93/102 MP: 16/16
 11898 | Lair:2   | Noticed an eight-headed hydra
 12598 | Lair:2   | Killed an eight-headed hydra
 12598 | Lair:2   | Reached skill level 15 in Maces & Flails
 12666 | Lair:3   | Noticed an eight-headed hydra
 12674 | Lair:3   | Killed an eight-headed hydra
 12974 | Lair:3   | Noticed Moral's ghost (journeyman NaIE)
 12991 | Lair:3   | Found a runed translucent door.
 13073 | Lair:3   | Noticed a catoblepas
 13087 | Lair:3   | Killed a catoblepas
 13292 | Lair:3   | Killed Moral's ghost
 13292 | Lair:3   | Received a gift from Okawaru
 13335 | Lair:4   | Noticed a five-headed hydra
 13593 | Lair:4   | Found a gate leading to a gauntlet.
 13604 | Gauntlet | Entered a Gauntlet
 13604 | Gauntlet | Found a transporter.
 13612 | Gauntlet | Noticed a death scarab
 13613 | Gauntlet | Found a transporter.
 13628 | Gauntlet | Found a transporter.
 13630 | Gauntlet | Found a large runed translucent door.
 13630 | Gauntlet | Found a large runed translucent door.
 13631 | Gauntlet | Found a large runed translucent door.
 13631 | Gauntlet | Found a large runed translucent door.
 13632 | Gauntlet | Found a large runed translucent door.
 13632 | Gauntlet | Found a large runed translucent door.
 13632 | Gauntlet | Found a runed translucent door.
 13632 | Gauntlet | Found a runed translucent door.
 13632 | Gauntlet | Found a large runed translucent door.
 13633 | Gauntlet | Found a transporter.
 13648 | Gauntlet | Found a transporter.
 13663 | Gauntlet | Found a large runed translucent door.
 13663 | Gauntlet | Noticed a hell hog
 13664 | Gauntlet | Found a large runed translucent door.
 13665 | Gauntlet | Found a large runed translucent door.
 13665 | Gauntlet | Found a large runed translucent door.
 13666 | Gauntlet | Found a runed translucent gate.
 13667 | Gauntlet | Found a transporter.
 13667 | Gauntlet | Found a runed translucent gate.
 13668 | Gauntlet | Found a runed translucent gate.
 13669 | Gauntlet | Found a large runed translucent door.
 13669 | Gauntlet | Found a large runed translucent door.
 13670 | Gauntlet | Found a large runed translucent door.
 13671 | Gauntlet | Found a large runed translucent door.
 13679 | Gauntlet | Found a transporter.
 13680 | Gauntlet | Noticed a catoblepas
 13691 | Gauntlet | Found a transporter.
 13695 | Gauntlet | Noticed a ghost crab
 13697 | Gauntlet | Found a transporter.
 13697 | Gauntlet | Found a transporter.
 13712 | Gauntlet | Found a transporter.
 13724 | Gauntlet | Found a transporter.
 13741 | Gauntlet | Found a transporter.
 13759 | Gauntlet | Found a transporter.
 13761 | Gauntlet | Found a transporter.
 13761 | Gauntlet | Noticed a tengu warrior
 13786 | Gauntlet | Found a transporter.
 13788 | Gauntlet | Found a transporter.
 13808 | Gauntlet | Found a transporter.
 13882 | Gauntlet | Found a large runed translucent door.
 14019 | Gauntlet | Received a gift from Okawaru
 14058 | Gauntlet | Killed a tengu warrior
 14058 | Gauntlet | Reached skill level 5 in Evocations
 14150 | Gauntlet | Killed a ghost crab
 14226 | Gauntlet | Got a pair of distressingly furry gloves
 14230 | Gauntlet | Identified the +0 pair of gloves "Puema" {rF++ rN+ Int-4
                  | Dex-2} (You found it in a Gauntlet)
 14252 | Gauntlet | Noticed a minotaur
 14264 | Gauntlet | Reached skill level 5 in Dodging
 14272 | Gauntlet | Killed a minotaur
 14522 | Lair:4   | Killed a five-headed hydra
 14577 | Lair:4   | Reached XP level 13. HP: 111/111 MP: 16/18
 14639 | Lair:4   | Reached skill level 5 in Armour
 14642 | Lair:4   | Found a staircase to the Swamp.
 14644 | Lair:4   | Reached skill level 5 in Shields
 14647 | Lair:4   | Received a gift from Okawaru
 14726 | Lair:4   | Received a gift from Okawaru
 14727 | Lair:4   | Found a staircase to the Shoals.
 14740 | Lair:4   | Got a masterwork barding {god gift}
 14747 | Lair:4   | Identified the +2 barding of the Northern Lights {rN+
                  | Int+2} (Okawaru gifted it to you on level 4 of the Lair of
                  | Beasts)
 15831 | Lair:5   | Got a dazzling mace
 15833 | Lair:5   | Identified the +7 mace of Conformity {freeze, Str+4 Int+2
                  | SInv} (You found it on level 5 of the Lair of Beasts)
 16085 | Lair:6   | Entered Level 6 of the Lair of Beasts
 16189 | Lair:6   | Reached ****** piety under Okawaru
 16199 | Lair:6   | Received a gift from Okawaru
 16349 | Lair:6   | Reached XP level 14. HP: 122/123 MP: 20/20
 17210 | Lair:6   | Found a staircase to the Slime Pits.
 17871 | D:10     | Bought a pearl-encrusted leather armour for 231 gold pieces
 17871 | D:10     | Bought a pair of twisted gloves for 313 gold pieces
 17882 | D:10     | Identified the +2 pair of gloves of Ybbaryde {Str+5 Dex+6}
                  | (You bought it in a shop on level 10 of the Dungeon)
 17892 | D:10     | Identified the +1 leather armour of Contentment {Int+3}
                  | (You bought it in a shop on level 10 of the Dungeon)
 17944 | Orc:1    | Entered Level 1 of the Orcish Mines
 18232 | Orc:2    | Entered Level 2 of the Orcish Mines
 18304 | Orc:2    | Noticed an orc warlord
 18331 | Orc:2    | Received a gift from Okawaru
 18335 | Orc:2    | Killed an orc warlord
 18358 | Orc:2    | Got a blackened tower shield {god gift}
 18369 | Orc:2    | Identified the +6 tower shield of Icorri {Dex+2} (Okawaru
                  | gifted it to you on level 2 of the Orcish Mines)
 18398 | Orc:2    | Found a frozen archway.
 18541 | IceCv    | Entered an ice cave
 18748 | IceCv    | Identified the +7 war axe of Flawed Execution {elec, Int-3
                  | Dex+5} (You found it in an ice cave)
 18760 | IceCv    | Got a dazzling flail
 18761 | IceCv    | Identified the +2 flail "Janag" {flame, +Blink rC+ Dex+2}
                  | (You found it in an ice cave)
 18775 | IceCv    | Got polished ice dragon scales
 18786 | IceCv    | Identified the +2 ice dragon scales of Socy {rF- rC++
                  | Int+4} (You found it in an ice cave)
 19017 | Orc:2    | Found a staircase to the Elven Halls.
 19272 | Orc:2    | Received a gift from Okawaru
 19275 | Orc:2    | Reached XP level 15. HP: 132/132 MP: 22/22
 19364 | Orc:2    | Found Uloqaat's Magic Scroll Shop.
 19364 | Orc:2    | Found Qymeor's Jewellery Emporium.
 19364 | Orc:2    | Found Qeyntul's Jewellery Emporium.
 19364 | Orc:2    | Found Asuathroa's Jewellery Boutique.
 19385 | Orc:2    | Bought a scroll of noise for 16 gold pieces
 19422 | Orc:2    | Bought a scroll of vulnerability for 120 gold pieces
 19427 | Orc:2    | Bought the amulet "Vifis" {Reflect rElec Dex+3 SH+5} for
                  | 653 gold pieces
 19671 | D:10     | Killed SolusNox's ghost
 20098 | D:11     | Noticed Maurice
 20106 | D:11     | Killed Maurice
 20200 | D:11     | Noticed Urug
 20215 | D:11     | Killed Urug
 20392 | D:7      | Killed marklar909's ghost
 20656 | D:11     | Noticed Grum
 20672 | D:11     | Killed Grum
 21077 | D:12     | Found Torecyall's Distillery.
 21085 | D:12     | Bought a potion of invisibility for 136 gold pieces
 21085 | D:12     | Gained mutation: You are frail. (-10% HP) [potion of
                  | mutation]
 21085 | D:12     | Gained mutation: You are occasionally teleported next to
                  | monsters. [potion of mutation]
 21085 | D:12     | Gained mutation: You are weak. (Str -2) [potion of
                  | mutation]
 21085 | D:12     | Gained mutation: Your mind is acute. (Int +2) [potion of
                  | mutation]
 21086 | D:12     | Lost mutation: You are weak. (Str -2) [potion of mutation]
 21086 | D:12     | Lost mutation: You are frail. (-10% HP) [potion of
                  | mutation]
 21086 | D:12     | Lost mutation: Your mind is acute. (Int +2) [potion of
                  | mutation]
 21086 | D:12     | Gained mutation: Your magical capacity is low. (-10% MP)
                  | [potion of mutation]
 21086 | D:12     | Gained mutation: Your magical capacity is very low. (-20%
                  | MP) [potion of mutation]
 21086 | D:12     | Gained mutation: You expend magic power (3 MP) to
                  | strengthen your wands. [potion of mutation]
 21086 | D:12     | Gained mutation: Your spells are a little harder to cast,
                  | but a little more powerful. [potion of mutation]
 21087 | D:12     | Bought a potion of mutation for 136 gold pieces
 21087 | D:12     | Lost mutation: You expend magic power (3 MP) to strengthen
                  | your wands. [potion of mutation]
 21087 | D:12     | Lost mutation: Your magical capacity is very low. (-20% MP)
                  | [potion of mutation]
 21087 | D:12     | Gained mutation: You tend to lose your temper in combat.
                  | [potion of mutation]
 21087 | D:12     | Lost mutation: You tend to lose your temper in combat.
                  | [potion of mutation]
 21087 | D:12     | Gained mutation: You are robust. (+10% HP) [potion of
                  | mutation]
 21597 | D:13     | Reached skill level 10 in Invocations
 21896 | D:13     | Received a gift from Okawaru
 22119 | D:14     | Noticed Louise
 22135 | D:14     | Killed Louise
 22135 | D:14     | Received a gift from Okawaru
 22278 | D:14     | Found Exoale's Antique Armour Emporium.
 22309 | D:14     | Reached skill level 10 in Dodging
 22355 | D:14     | Noticed Josephine
 22359 | D:14     | Killed Josephine
 22452 | D:14     | Reached skill level 10 in Fighting
 22634 | D:14     | Found a gate to the Vaults.
 23014 | D:15     | Entered Level 15 of the Dungeon
 23188 | D:15     | Reached XP level 16. HP: 156/156 MP: 21/21
 23233 | D:15     | Found a staircase to the Depths.
 23279 | D:15     | Noticed Jorgrun
 23289 | D:15     | Killed Jorgrun
 23589 | D:15     | Reached skill level 10 in Shields
 23986 | Elf:1    | Entered Level 1 of the Elven Halls
 24003 | Elf:1    | Received a gift from Okawaru
 24004 | Elf:1    | Got a masterwork cloak {god gift}
 24016 | Elf:1    | Identified the +0 cloak of the Orb Guardian {Rampage}
                  | (Okawaru gifted it to you on level 1 of the Elven Halls)
 24029 | Elf:1    | Found a radiant altar of Vehumet.
 24466 | Elf:1    | Noticed Nikola
 24478 | Elf:1    | Killed Nikola
 24587 | Elf:1    | Received a gift from Okawaru
 24604 | Elf:1    | Identified the cursed +0 helmet "Vytawn" {Rampage} (You
                  | found it on level 1 of the Elven Halls)
 24682 | Elf:1    | Found Sut Azeg's Antique Armour Shop.
 24716 | Elf:1    | Received a gift from Okawaru
 25038 | Elf:1    | Bought a distressingly furry ring mail for 225 gold pieces
 25041 | Elf:1    | Identified the +6 ring mail of Yredelemnul's Regard {+Fly}
                  | (You bought it in a shop on level 1 of the Elven Halls)
 25303 | Elf:2    | Received a gift from Okawaru
 25488 | Elf:2    | Reached XP level 17. HP: 108/168 MP: 22/22
 25562 | Elf:2    | Reached skill level 10 in Evocations
 25665 | Elf:2    | Received a gift from Okawaru
 25873 | Elf:2    | Found a runed translucent gate.
 25873 | Elf:2    | Found a runed translucent gate.
 25873 | Elf:2    | Found a runed translucent gate.
 26174 | Elf:3    | Entered Level 3 of the Elven Halls
 26243 | Elf:3    | Found Yxaosoga's Armour Shoppe.
 27041 | Elf:3    | Received a gift from Okawaru
 27042 | Elf:3    | Found the +9 sword of Zonguldrok {reap}
 27046 | Elf:3    | Cast into level 2 of the Abyss (a deep elf sorcerer)
 27482 | Abyss:3  | Noticed a quicksilver dragon
 27490 | Abyss:3  | Killed a quicksilver dragon
 27508 | Elf:3    | Escaped the Abyss
 27526 | Elf:3    | Received a gift from Okawaru
 27621 | Elf:3    | Noticed a Hell Sentinel
 27621 | Elf:3    | Noticed a deep elf blademaster
 27951 | Elf:3    | Noticed a deep elf master archer
 27951 | Elf:3    | Identified the +7 battleaxe of Misery {pain, MR+ Int+4}
 27964 | Elf:3    | Killed a deep elf blademaster
 27964 | Elf:3    | Reached XP level 18. HP: 180/180 MP: 15/22
 27983 | Elf:3    | Reached skill level 10 in Armour
 27997 | Elf:3    | Noticed an Ice Fiend
 28007 | Elf:3    | Received a gift from Okawaru
 28076 | Elf:3    | Identified the +5 broad axe of Intimidation {vorpal, +Fly
                  | rF+ Str+5 Dex-2} (Okawaru gifted it to you on level 3 of
                  | the Elven Halls)
 28113 | Elf:3    | Found the +7 mace of Variability {chain chaos}
 28120 | Elf:3    | Identified the +11 war axe "Toiwniar" {vorpal, rElec rC+}
 28178 | Elf:3    | Cast into level 3 of the Abyss (a deep elf demonologist)
 28237 | Abyss:3  | Received a gift from Okawaru
 28237 | Abyss:3  | Found a corrupted altar of Lugonu.
 28341 | Abyss:3  | Noticed a bone dragon
 28374 | Abyss:3  | Killed a bone dragon
 28429 | Abyss:3  | Got an abyssal rune of Zot
 28461 | Elf:3    | Escaped the Abyss
 28479 | Elf:3    | Identified the +6 scale mail of the Abyss {Harm}
 28479 | Elf:3    | Identified the ring of Gotuqargh {*Corrode rPois MR+ Int+3}
 28508 | Elf:3    | Got a shimmering turquoise ring
 28509 | Elf:3    | Identified the ring of Bueveq {+Blink rF+ rN+ MR++ MP+9}
                  | (You found it on level 3 of the Elven Halls)
 28546 | Elf:3    | Identified the cursed +3 morningstar "Jifuhiz" {vorpal,
                  | *Slow rPois rN+ Str+3} (You found it on level 3 of the
                  | Elven Halls)
 28697 | Elf:1    | Bought a distressingly furry plate armour for 700 gold
                  | pieces
 28697 | Elf:1    | Identified the +9 plate armour of Impermeability {-Cast
                  | Regen+ Dex+4} (You bought it in a shop on level 1 of the
                  | Elven Halls)
 29018 | Swamp:1  | Entered Level 1 of the Swamp
 29267 | Swamp:1  | Reached skill level 5 in Axes
 29558 | Swamp:2  | Received a gift from Okawaru
 30186 | Swamp:3  | Found a snail-covered altar of Cheibriados.
 30229 | Swamp:3  | Reached XP level 19. HP: 182/189 MP: 23/23
 30414 | Swamp:4  | Entered Level 4 of the Swamp
 30666 | Swamp:4  | Received a gift from Okawaru
 30667 | Swamp:4  | Found the +0 mask of the Dragon {MR+ Slay+3 SInv}
 30707 | Swamp:4  | Noticed Mara
 30731 | Swamp:4  | Noticed miscthings's illusion
 30732 | Swamp:4  | Killed Mara
 30732 | Swamp:4  | Reached skill level 10 in Axes
 30813 | Swamp:4  | Noticed Bai Suzhen
 30828 | Swamp:4  | Killed Bai Suzhen
 30859 | Swamp:4  | Got a decaying rune of Zot
 31321 | Shoals:1 | Entered Level 1 of the Shoals
 31989 | Shoals:2 | Noticed Kirke
 32003 | Shoals:2 | Killed Kirke
 32104 | Shoals:2 | Noticed Aizul
 32123 | Shoals:2 | Killed Aizul
 32154 | Shoals:2 | Found Niduqig's Needful Niceties.
 32325 | Shoals:2 | Found a runed translucent door.
 32334 | Shoals:2 | Acquired a +1 barding of cold resistance
 32355 | Shoals:2 | Noticed karrick's ghost (veteran DsGl)
 32399 | Shoals:2 | Killed karrick's ghost
 32742 | Shoals:3 | Received a gift from Okawaru
 33444 | Shoals:4 | Entered Level 4 of the Shoals
 33444 | Shoals:4 | Noticed Polyphemus
 33458 | Shoals:4 | Killed Polyphemus
 33461 | Shoals:4 | Received a gift from Okawaru
 33584 | Shoals:4 | Reached XP level 20. HP: 187/198 MP: 24/24
 33716 | Shoals:4 | Noticed Ilsuiw
 33725 | Shoals:4 | Killed Ilsuiw
 34036 | Shoals:4 | Found a runed translucent gate.
 34039 | Shoals:4 | Found a runed translucent gate.
 34040 | Shoals:4 | Found a runed translucent gate.
 34042 | Shoals:4 | Noticed ArcanElement's ghost (adept DEWz)
 34063 | Shoals:4 | Killed ArcanElement's ghost
 34216 | Shoals:4 | Received a gift from Okawaru
 34239 | Shoals:4 | Got a barnacled rune of Zot
 34848 | Vaults:1 | Entered Level 1 of the Vaults
 35138 | Slime:1  | Entered Level 1 of the Pits of Slime
 35427 | Slime:3  | Noticed Dissolution
 35433 | Slime:3  | Paralysed by a floating eye for 3 turns
 35451 | Slime:2  | Paralysed by a floating eye for 2 turns
 35470 | Slime:2  | Killed Dissolution
 35470 | Slime:2  | Reached skill level 5 in Throwing
 36054 | Slime:3  | Received a gift from Okawaru
 36273 | Slime:4  | Received a gift from Okawaru
 36323 | Slime:5  | Entered Level 5 of the Pits of Slime
 36402 | Slime:4  | Reached XP level 21. HP: 134/208 MP: 25/25
 36524 | Slime:4  | Reached skill level 15 in Axes
 37029 | Slime:5  | Gained mutation: You are weak. (Str -2) [a shining eye]
 37188 | Slime:5  | Noticed the Royal Jelly
 37222 | Slime:5  | Found a viscous altar of Jiyva.
 37228 | Slime:5  | Killed the Royal Jelly
 37228 | Slime:5  | Received a gift from Okawaru
 37228 | Slime:5  | Received a gift from Okawaru
 37555 | Slime:5  | Identified Sif Muna's Tome of the Escort
 37683 | Slime:5  | Identified the Handbook of Unholy Displacement
 37726 | Slime:5  | Got a slimy rune of Zot
 37797 | Slime:5  | Identified the +5 whip of Infinite Pain {pain, rC+ MP+9}
                  | (You found it on level 5 of the Pits of Slime)
 38770 | Vaults:1 | Found Veulun's General Store.
 38782 | Vaults:1 | Bought a scroll of teleportation for 63 gold pieces
 38875 | Vaults:1 | Noticed Saint Roka
 38906 | Vaults:1 | Killed Saint Roka
 38947 | Vaults:1 | Reached skill level 15 in Shields
 39034 | Vaults:1 | Identified the cursed +1 dagger "Ruacirog" {vorpal, +Rage
                  | rPois rF+}
 39543 | Vaults:2 | Received a gift from Okawaru
 39617 | Vaults:2 | Reached XP level 22. HP: 221/221 MP: 26/26
 40645 | Vaults:2 | Found a staircase to the Crypt.
 41092 | Vaults:3 | Received a gift from Okawaru
 41136 | Vaults:3 | Reached skill level 15 in Fighting
 41233 | Vaults:3 | Received a gift from Okawaru
 41261 | Vaults:3 | Identified the +1 scale mail of Fanaticism {Regen+} (You
                  | found it on level 3 of the Vaults)
 41518 | Vaults:3 | Reached skill level 15 in Dodging
 41847 | Vaults:4 | Received a gift from Okawaru
 42115 | Vaults:4 | Noticed Sojobo
 42129 | Vaults:4 | Killed Sojobo
 42129 | Vaults:4 | Received a gift from Okawaru
 42138 | Vaults:4 | Reached XP level 23. HP: 215/234 MP: 28/28
 42322 | Vaults:4 | Received a gift from Okawaru
 42934 | Crypt:1  | Entered Level 1 of the Crypt
 43841 | Crypt:2  | Received a gift from Okawaru
 43962 | Crypt:2  | Found a huge runed gate.
 43962 | Crypt:2  | Found a huge runed gate.
 43962 | Crypt:2  | Found a huge runed gate.
 43962 | Crypt:2  | Found a huge runed gate.
 43963 | Crypt:2  | Found a huge runed gate.
 43963 | Crypt:2  | Found a huge runed gate.
 43963 | Crypt:2  | Found a huge runed gate.
 43964 | Crypt:2  | Found a huge runed gate.
 43981 | Crypt:2  | Found a huge runed gate.
 43981 | Crypt:2  | Found a huge runed gate.
 43981 | Crypt:2  | Found a huge runed gate.
 43982 | Crypt:2  | Found a huge runed gate.
 43982 | Crypt:2  | Found a huge runed gate.
 43982 | Crypt:2  | Found a huge runed gate.
 43985 | Crypt:2  | Found a huge runed gate.
 43986 | Crypt:2  | Found a huge runed gate.
 43986 | Crypt:2  | Found a huge runed gate.
 44295 | Crypt:2  | Found a huge runed gate.
 44296 | Crypt:2  | Found a huge runed gate.
 44297 | Crypt:2  | Found a huge runed gate.
 44298 | Crypt:2  | Found a huge runed gate.
 44298 | Crypt:2  | Found a huge runed gate.
 44298 | Crypt:2  | Found a huge runed gate.
 44298 | Crypt:2  | Found a huge runed gate.
 44298 | Crypt:2  | Found a huge runed gate.
 44310 | Crypt:2  | Found a huge runed gate.
 44314 | Crypt:2  | Found a huge runed gate.
 44314 | Crypt:2  | Found a huge runed gate.
 44485 | Crypt:2  | Received a gift from Okawaru
 44593 | Crypt:2  | Found a huge runed gate.
 44593 | Crypt:2  | Found a huge runed gate.
 44794 | Crypt:2  | Received a gift from Okawaru
 44821 | Crypt:2  | Identified Puompoju's Volume of Dusty Weightlessness
 44861 | Crypt:3  | Entered Level 3 of the Crypt
 44861 | Crypt:3  | Noticed Jory
 44936 | Crypt:3  | Killed Jory
 45144 | Crypt:3  | Reached XP level 24. HP: 245/245 MP: 29/29
 45253 | Crypt:3  | Identified the +5 hand axe of Diac Guifi {freeze, rPois
                  | rC+++ rN+ Int-3} (You found it on level 3 of the Crypt)
 45376 | Crypt:3  | Found a staircase to the Tomb.
 45397 | Crypt:3  | Received a gift from Okawaru
 45442 | Crypt:3  | Identified Kikubaaqudgha's Tome of Stolen Souls
 45827 | Crypt:3  | Received a gift from Okawaru
 45958 | Crypt:3  | Found an ancient bone altar of Kikubaaqudgha.
 45971 | Crypt:3  | Noticed an ancient lich
 46454 | Crypt:3  | Killed an ancient lich
 46475 | Crypt:3  | Got a brightly glowing tin ring
 46476 | Crypt:3  | Identified the ring "Hionoqock" {rF- rN+ Dex+3 Slay+3
                  | Stlth+} (You found it on level 3 of the Crypt)
 46480 | Crypt:3  | Got a coiled copper ring
 46481 | Crypt:3  | Identified the ring "Yloatuli" {rElec rN+} (You found it on
                  | level 3 of the Crypt)
 46485 | Crypt:3  | Identified the Volume of Stolen Souls and Stones
 46714 | Crypt:3  | Identified the +1 robe of the Unbroken {Harm rElec Slay+2}
 46757 | Crypt:3  | Lost mutation: You are weak. (Str -2) [potion of mutation]
 46757 | Crypt:3  | Lost mutation: You are robust. (+10% HP) [potion of
                  | mutation]
 46757 | Crypt:3  | Gained mutation: You are frail. (-10% HP) [potion of
                  | mutation]
 46757 | Crypt:3  | Gained mutation: You can translocate small distances at
                  | will. [potion of mutation]
 46757 | Crypt:3  | Gained mutation: You have sharp fingernails. [potion of
                  | mutation]
 46990 | Vaults:5 | Entered Level 5 of the Vaults
 46990 | Vaults:5 | Noticed Mennas
 47020 | Vaults:5 | Killed Mennas
 47024 | Vaults:5 | Received a gift from Okawaru
 47050 | Vaults:5 | Lost mutation: Your magical capacity is low. (-10% MP)
                  | [potion of mutation]
 47050 | Vaults:5 | Gained mutation: You have very sharp fingernails. [potion
                  | of mutation]
 47050 | Vaults:5 | Gained mutation: You evolve. [potion of mutation]
 47050 | Vaults:5 | Gained mutation: You have sharp toenails. [potion of
                  | mutation]
 47132 | Vaults:5 | Got a flickering marble ring
 47225 | Vaults:5 | Received a gift from Okawaru
 47242 | Vaults:5 | Identified the ring "Savo" {rF+ rC+ MP+9} (You found it on
                  | level 5 of the Vaults)
 47266 | Vaults:5 | Found Hapih's Distillery.
 47272 | Vaults:5 | Bought a potion of curing for 51 gold pieces
 47272 | Vaults:5 | Bought a potion of cancellation for 136 gold pieces
 47272 | Vaults:5 | Bought a potion of might for 68 gold pieces
 47377 | Vaults:5 | Reached XP level 25. HP: 143/214 MP: 33/33
 47421 | Vaults:5 | Found Cino's Distillery.
 47425 | Vaults:5 | Bought a potion of heal wounds for 55 gold pieces
 47425 | Vaults:5 | Bought a potion of heal wounds for 55 gold pieces
 47425 | Vaults:5 | Bought a potion of haste for 110 gold pieces
 47425 | Vaults:5 | Bought a potion of attraction for 33 gold pieces
 47425 | Vaults:5 | Bought a potion of heal wounds for 55 gold pieces
 47425 | Vaults:5 | Bought a potion of heal wounds for 55 gold pieces
 47425 | Vaults:5 | Bought 2 potions of cancellation for 176 gold pieces
 47463 | Vaults:5 | Found Mumeut's Magic Scroll Boutique.
 47477 | Vaults:5 | Bought a scroll of teleportation for 36 gold pieces
 47477 | Vaults:5 | Bought a scroll of magic mapping for 42 gold pieces
 47547 | Vaults:5 | Got a silver rune of Zot
 47654 | Vaults:5 | Identified the +10 glaive "Guseuso" {elec, rN++ MR+++ MP+9
                  | Stlth-}
 47733 | Vaults:5 | Received a gift from Okawaru
 47774 | Vaults:5 | Identified the -1 tower shield "Orizaepp" {Str+7 Dex-4}
                  | (Okawaru gifted it to you on level 5 of the Vaults)
 47807 | Vaults:5 | Noticed an ancient lich
 47837 | Vaults:5 | Killed an ancient lich
 47842 | Vaults:5 | Reached skill level 10 in Throwing
 47845 | Vaults:5 | Found Haokk's Antique Armour Boutique.
 47870 | Vaults:5 | Found Ucisk's Antique Weapon Shoppe.
 47871 | Vaults:5 | Found Dukalauq's Jewellery Shop.
 47895 | Vaults:5 | Bought a spiked scale mail for 342 gold pieces
 47895 | Vaults:5 | Identified the +6 scale mail of the Iron Devil {rElec MP-9
                  | Dex+2} (You bought it in a shop on level 5 of the Vaults)
 47981 | Vaults:5 | Found Ostreygyu's Book Emporium.
 48066 | Vaults:5 | Noticed an ancient lich
 48072 | Vaults:5 | Killed an ancient lich
 48175 | Vaults:5 | Identified the +7 chain mail "Aneism" {rElec MR+} (You
                  | found it on level 5 of the Vaults)
 48469 | Vaults:5 | Identified the ring "Wishij Hipn" {rC+ rN+ Int+7} (You
                  | found it on level 5 of the Vaults)
 48637 | Vaults:5 | Bought smoking acid dragon scales for 1710 gold pieces
 48637 | Vaults:5 | Identified the +1 acid dragon scales of Hepliaklqana's
                  | Delight {rCorr Int+6 Dex+2} (You bought it in a shop on
                  | level 5 of the Vaults)
 49075 | Temple   | Fell from the grace of Okawaru
 49075 | Temple   | Became a worshipper of the Shining One
 49343 | Depths:1 | Entered Level 1 of the Depths
 49343 | Depths:1 | Found Tilar's One-of-a-Kind Books.
 50281 | Vaults:5 | Bought a scroll of enchant weapon for 90 gold pieces
 51145 | Depths:1 | Found a one-way gate to the infinite horrors of the Abyss.
 51274 | Depths:1 | Reached skill level 15 in Evocations
 51397 | Depths:1 | Found a gateway to Hell.
 51713 | Depths:1 | Reached * piety under the Shining One
 51772 | Depths:1 | Reached skill level 15 in Armour
 52184 | Depths:2 | Reached ** piety under the Shining One
 52197 | Depths:2 | Reached skill level 15 in Invocations
 52204 | Depths:2 | Reached XP level 26. HP: 204/225 MP: 34/34
 52454 | Depths:2 | Noticed a juggernaut
 52486 | Depths:2 | Killed a juggernaut
 53286 | Depths:3 | Reached *** piety under the Shining One
 53315 | Depths:3 | Found a one-way gate leading to the halls of Pandemonium.
 53572 | Depths:3 | Reached **** piety under the Shining One
 54410 | Depths:4 | Found a large runed translucent door.
 54410 | Depths:4 | Found a large runed translucent door.
 54411 | Depths:4 | Noticed Sun's ghost (adept KoDe)
 54428 | Depths:4 | Reached ***** piety under the Shining One
 54446 | Depths:4 | Killed Sun's ghost
 54464 | Depths:4 | Identified the +5 war axe "Zoetun" {protect, Dex+3} (You
                  | found it on level 4 of the Depths)
 54705 | Depths:4 | Reached XP level 27. HP: 222/236 MP: 35/35
 54895 | Depths:4 | Reached ****** piety under the Shining One
 54977 | Depths:4 | You fall into a shaft and drop 1 floor!
 54977 | Depths:5 | Entered Level 5 of the Depths
 55089 | Depths:5 | Found Weguf's General Store.
 55254 | Depths:4 | Gained mutation: You are very frail. (-20% HP) [a shining
                  | eye]
 55671 | Depths:5 | Found a gateway to a ziggurat.
 55845 | Depths:5 | Found a gate to the Realm of Zot.
 55992 | Hell     | Entered the Vestibule of Hell
 55992 | Hell     | Noticed Geryon
 56001 | Hell     | Found a gateway to the freezing wastes of Cocytus.
 56043 | Hell     | Was forgiven by Okawaru
 56089 | Hell     | Killed Geryon
 56153 | Hell     | Found a gateway to the Iron City of Dis.
 56284 | Hell     | Found a gateway to the decaying netherworld of Tartarus.
 56504 | Hell     | Found a gateway to the ashen valley of Gehenna.
 56769 | Zot:1    | Entered Level 1 of the Realm of Zot
 56830 | Zig:1    | Entered Level 1 of a ziggurat
 56846 | Zig:2    | Entered Level 2 of a ziggurat
 56865 | Zig:3    | Entered Level 3 of a ziggurat
 56875 | Zig:3    | Identified the cursed +1 plate armour of Monotheism {+Inv
                  | Str-4 Int+2 Slay+2} (You found it on level 3 of a ziggurat)
 56886 | Zig:4    | Entered Level 4 of a ziggurat
 57052 | Zig:5    | Entered Level 5 of a ziggurat
 57094 | Zig:6    | Entered Level 6 of a ziggurat
 57152 | Zig:7    | Entered Level 7 of a ziggurat
 57155 | Zig:7    | Noticed Mudgh the pandemonium lord
 57157 | Zig:7    | Identified a +9 broad axe of holy wrath (a +9 broad axe of
                  | freezing blessed by the Shining One)
 57157 | Zig:7    | Received a gift from the Shining One
 57169 | Zig:7    | Killed Mudgh the pandemonium lord
 57276 | Zig:8    | Entered Level 8 of a ziggurat
 57300 | Zig:8    | Identified the cursed +1 plate armour of Generosity {rF+
                  | rN+ Int+2} (You found it on level 8 of a ziggurat)
 57446 | Zig:9    | Entered Level 9 of a ziggurat
 57452 | Zig:9    | Found the +4 skin of Zhor {Englaciate rC+++ SInv}
 57482 | Zig:9    | Identified the +0 chain mail "Afesurat" {rElec rF+ MP+9}
                  | (You found it on level 9 of a ziggurat)
 57484 | Zig:9    | Identified the +1 scale mail of Polytheism {Regen+ Str+4}
                  | (You found it on level 9 of a ziggurat)
 57819 | D:12     | Bought a potion of haste for 170 gold pieces
 57819 | D:12     | Bought a potion of heal wounds for 85 gold pieces
 57819 | D:12     | Bought a potion of might for 68 gold pieces
 57819 | D:12     | Bought a potion of might for 68 gold pieces
 57819 | D:12     | Bought a potion of attraction for 51 gold pieces
 57819 | D:12     | Bought a potion of ambrosia for 136 gold pieces
 57819 | D:12     | Bought 2 potions of cancellation for 272 gold pieces
 58070 | Vaults:5 | Bought 2 potions of lignification for 102 gold pieces
 58070 | Vaults:5 | Bought a potion of berserk rage for 85 gold pieces
 58070 | Vaults:5 | Bought a potion of berserk rage for 85 gold pieces
 58070 | Vaults:5 | Bought a potion of might for 68 gold pieces
 58070 | Vaults:5 | Bought 2 potions of curing for 102 gold pieces
 58070 | Vaults:5 | Bought a potion of curing for 51 gold pieces
 58070 | Vaults:5 | Bought a potion of curing for 51 gold pieces
 58469 | Pan      | Entered Pandemonium
 58653 | Pan      | Found a white marble altar of Elyvilon.
 58711 | Pan      | Found a glowing silver altar of Zin.
 59085 | Pan      | Identified the +2 tower shield of Salvation {MR+ Str-5
                  | Int+4}
 59779 | Pan      | Gained mutation: You expend magic power (3 MP) to
                  | strengthen your wands. [evolution]
 59818 | Pan      | Noticed a seraph
 59827 | Pan      | Killed a seraph
 59845 | Pan      | Found a glowing golden altar of the Shining One.
 59868 | Pan      | Got a demonic rune of Zot
 59880 | Pan      | Identified the cursed +1 leather armour "Xuxuverr" {rPois
                  | rF+} (You found it in Pandemonium)
 60254 | Depths:3 | Escaped Pandemonium
 60259 | Pan      | Entered Pandemonium
 60466 | Pan      | Noticed Kesyra the pandemonium lord
 60478 | Pan      | Killed Kesyra the pandemonium lord
 60579 | Pan      | Gained mutation: You are extremely frail. (-30% HP) [a
                  | cacodemon]
 60604 | Pan      | Found an exit through the horrors of the Abyss.
 60655 | Pan      | Gained mutation: You occasionally shout uncontrollably at
                  | your foes. [a cacodemon]
 60866 | Pan      | Noticed Vinen the pandemonium lord
 60888 | Pan      | Killed Vinen the pandemonium lord
 60898 | Pan      | Entered the realm of Lom Lobon.
 61556 | Pan      | Noticed Lom Lobon
 61566 | Pan      | Killed Lom Lobon
 61584 | Pan      | Got a magical rune of Zot
 61760 | Pan      | Noticed Nuh Nucu the pandemonium lord
 61802 | Pan      | Learned a level 1 spell: Apportation
 61908 | Pan      | Found an exit through the horrors of the Abyss.
 61927 | Pan      | Reached skill level 27 in Fighting
 62042 | Pan      | Entered the realm of Mnoleg.
 62108 | Pan      | Gained mutation: You are weak. (Str -2) [a neqoxec]
 62139 | Pan      | Gained mutation: You tend to lose your temper in combat. [a
                  | cacodemon]
 62169 | Pan      | Noticed Mnoleg
 62170 | Pan      | Gained mutation: Potions are less effective at restoring
                  | your health. [Mnoleg's mutagenic touch]
 62170 | Pan      | Gained mutation: Your magical capacity is low. (-10% MP) [a
                  | neqoxec]
 62198 | Pan      | Killed Mnoleg
 62238 | Pan      | Got a glowing rune of Zot
 62323 | Pan      | Entered the realm of Cerebov.
 62330 | Pan      | Lost mutation: Your magical capacity is low. (-10% MP)
                  | [potion of mutation]
 62330 | Pan      | Lost mutation: You evolve. [potion of mutation]
 62330 | Pan      | Lost mutation: You have very sharp fingernails. [potion of
                  | mutation]
 62330 | Pan      | Lost mutation: You are occasionally teleported next to
                  | monsters. [potion of mutation]
 62330 | Pan      | Lost mutation: You expend magic power (3 MP) to strengthen
                  | your wands. [potion of mutation]
 62330 | Pan      | Lost mutation: You are extremely frail. (-30% HP) [potion
                  | of mutation]
 62330 | Pan      | Gained mutation: Your flesh is heat resistant. (rF+)
                  | [potion of mutation]
 62371 | Pan      | Identified the +6 sword of Cerebov {flame}
 62371 | Pan      | Noticed Cerebov
 62413 | Pan      | Killed Cerebov
 62635 | Pan      | Got a wavering wooden ring
 62636 | Pan      | Identified the ring "Kegget" {rPois Stlth+} (You found it
                  | in Pandemonium)
 62672 | Pan      | Got a fiery rune of Zot
 62690 | Pan      | Identified the amulet of Ysmenueh {Regen+ Str+5} (You found
                  | it in Pandemonium)
 62694 | Pan      | Identified Urphig's Tome of Conjuration
 62794 | Pan      | Entered the realm of Gloorx Vloq.
 62907 | Pan      | Found an exit through the horrors of the Abyss.
 63085 | Pan      | Noticed Gloorx Vloq
 63442 | Pan      | Killed Gloorx Vloq
 63461 | Pan      | Got a dark rune of Zot
 63586 | Pan      | Found a transporter.
 63603 | Pan      | Found a transporter.
 63612 | Pan      | Identified the ring "Viroeg" {Dex+4 SInv}
 63695 | Pan      | Found an exit through the horrors of the Abyss.
 63703 | Pan      | Took an exit into the Abyss.
 63703 | Abyss:1  | Escaped into the Abyss
 63743 | Depths:3 | Escaped the Abyss
 63858 | Geh:1    | Entered Level 1 of Gehenna
 64187 | Geh:2    | You fall into a shaft and drop 1 floor!
 64217 | Geh:4    | You fall into a shaft and drop 2 floors!
 64319 | Geh:7    | Entered Level 7 of Gehenna
 64665 | Geh:7    | Identified the +7 sceptre of Asmodeus
 64665 | Geh:7    | Noticed Asmodeus
 64822 | Geh:7    | Killed Asmodeus
 64834 | Geh:7    | Got an obsidian rune of Zot
 65031 | Coc:1    | Entered Level 1 of Cocytus
 65562 | Coc:7    | Entered Level 7 of Cocytus
 65738 | Coc:7    | Noticed Antaeus
 66114 | Coc:7    | Killed Antaeus
 66137 | Coc:7    | Found the +5 robe of Misfortune {*Contam Harm *Corrode
                  | *Drain *Slow EV+5}
 66139 | Coc:7    | Identified the +11 whip of Xom's Whim {holy, rC+++ MR-
                  | Int-3 SInv} (You found it on level 7 of Cocytus)
 66142 | Coc:7    | Identified the +4 ring mail of Autotheism {*Contam rElec
                  | Int+7 Dex+4} (You found it on level 7 of Cocytus)
 66144 | Coc:7    | Got an icy rune of Zot
 66332 | Dis:1    | Entered Level 1 of the Iron City of Dis
 67015 | Dis:7    | Entered Level 7 of the Iron City of Dis
 67324 | Dis:7    | Identified the +4 staff of Dispater
 67324 | Dis:7    | Noticed Dispater
 67369 | Dis:7    | Killed Dispater
 67382 | Dis:7    | Found the +3 sling "Punk" {acid, rCorr}
 67387 | Dis:7    | Got an iron rune of Zot
 67842 | Tar:1    | Entered Level 1 of Tartarus
 68229 | Tar:2    | Lost mutation: You have sharp fingernails. [potion of
                  | mutation]
 68229 | Tar:2    | Lost mutation: You tend to lose your temper in combat.
                  | [potion of mutation]
 68229 | Tar:2    | Lost mutation: You have sharp toenails. [potion of
                  | mutation]
 68229 | Tar:2    | Lost mutation: Your spells are a little harder to cast, but
                  | a little more powerful. [potion of mutation]
 68229 | Tar:2    | Gained mutation: Your tail ends in a poisonous barb.
                  | [potion of mutation]
 68229 | Tar:2    | Lost mutation: You are weak. (Str -2) [potion of mutation]
 68616 | Tar:7    | Entered Level 7 of Tartarus
 68771 | Tar:7    | Got a faintly glowing copper ring
 68772 | Tar:7    | Identified the cursed ring "Agamom" {rF+ Str+3 Int-4
                  | Stlth+} (You found it on level 7 of Tartarus)
 68791 | Tar:7    | Identified the +6 mace of Darkness {speed, rElec rPois MR+}
                  | (You found it on level 7 of Tartarus)
 68926 | Tar:7    | Noticed Ereshkigal
 68942 | Tar:7    | Killed Ereshkigal
 68969 | Tar:7    | Got a bone rune of Zot
 69532 | Tomb:1   | Entered Level 1 of the Tomb of the Ancients
 70522 | Vaults:5 | Bought an uncursed ring of poison resistance for 360 gold
                  | pieces
 71115 | Tomb:1   | Found the +3 crown of Dyrovepreva {rElec Int+2 SInv}
 71360 | Tomb:2   | Noticed a greater mummy
 71360 | Tomb:2   | Noticed a greater mummy
 71362 | Tomb:2   | Noticed a greater mummy
 71368 | Tomb:2   | Noticed a greater mummy
 71369 | Tomb:2   | Killed a greater mummy
 71372 | Tomb:2   | Noticed a greater mummy
 71396 | Tomb:2   | Killed a greater mummy
 71400 | Tomb:2   | Killed a greater mummy
 71413 | Tomb:2   | Killed a greater mummy
 71418 | Tomb:2   | Was placed under penance by the Shining One
 71419 | Tomb:2   | Killed a greater mummy
 71595 | Tomb:2   | Was forgiven by the Shining One
 71927 | Tomb:1   | Noticed a greater mummy
 71927 | Tomb:1   | Noticed a greater mummy
 71927 | Tomb:1   | Noticed a greater mummy
 71928 | Tomb:1   | Noticed a greater mummy
 71928 | Tomb:1   | Noticed a greater mummy
 71928 | Tomb:1   | Noticed a greater mummy
 71928 | Tomb:1   | Noticed a greater mummy
 71928 | Tomb:1   | Noticed a greater mummy
 71930 | Tomb:1   | Noticed a greater mummy
 71933 | Tomb:1   | Killed a greater mummy
 71935 | Tomb:1   | HP: 8/237 [greater mummy/divine providence (9)]
 71938 | Tomb:1   | Noticed a greater mummy
 72348 | Tomb:1   | Killed a greater mummy
 72353 | Tomb:1   | Killed a greater mummy
 72354 | Tomb:1   | Killed a greater mummy
 72356 | Tomb:1   | Killed a greater mummy
 72634 | Tomb:1   | Noticed a greater mummy
 72640 | Tomb:1   | Killed a greater mummy
 72640 | Tomb:1   | Killed a greater mummy
 72641 | Tomb:1   | Killed a greater mummy
 72642 | Tomb:1   | Killed a greater mummy
 72645 | Tomb:1   | Killed a greater mummy
 72830 | Tomb:1   | Noticed a greater mummy
 72836 | Tomb:1   | Killed a greater mummy
 72966 | Tomb:1   | Noticed a greater mummy
 72974 | Tomb:1   | Noticed a greater mummy
 72982 | Tomb:1   | Killed a greater mummy
 72982 | Tomb:1   | Noticed a greater mummy
 72987 | Tomb:1   | Noticed a greater mummy
 72990 | Tomb:1   | Killed a greater mummy
 72994 | Tomb:1   | Killed a greater mummy
 72995 | Tomb:1   | Noticed a greater mummy
 73181 | Tomb:1   | Noticed a greater mummy
 73212 | Tomb:1   | Killed a greater mummy
 73261 | Tomb:1   | Noticed a greater mummy
 73276 | Tomb:1   | Killed a greater mummy
 73385 | Tomb:1   | Noticed a greater mummy
 73386 | Tomb:1   | Noticed a greater mummy
 73387 | Tomb:1   | Noticed a greater mummy
 73387 | Tomb:1   | Noticed a greater mummy
 73387 | Tomb:1   | Noticed a greater mummy
 73387 | Tomb:1   | Noticed a greater mummy
 73390 | Tomb:1   | Noticed a greater mummy
 73392 | Tomb:1   | Noticed a greater mummy
 73393 | Tomb:1   | Killed a greater mummy
 73681 | Tomb:1   | Killed a greater mummy
 73706 | Tomb:1   | Killed a greater mummy
 73730 | Tomb:1   | Killed a greater mummy
 73860 | Tomb:1   | Killed a greater mummy
 74153 | Tomb:1   | Killed a greater mummy
 74282 | Tomb:1   | Killed a greater mummy
 74289 | Tomb:1   | Killed a greater mummy
 74301 | Tomb:1   | Killed a greater mummy
 74315 | Tomb:1   | Killed a greater mummy
 74325 | Tomb:1   | Killed a greater mummy
 74673 | Tomb:3   | Entered Level 3 of the Tomb of the Ancients
 74680 | Tomb:3   | Noticed a greater mummy
 74680 | Tomb:3   | Noticed a greater mummy
 74922 | Tomb:3   | Noticed a greater mummy
 74922 | Tomb:3   | Noticed a greater mummy
 74927 | Tomb:3   | Killed a greater mummy
 74927 | Tomb:3   | Killed a greater mummy
 74954 | Tomb:3   | Noticed a greater mummy
 74956 | Tomb:3   | Noticed a greater mummy
 74956 | Tomb:3   | Noticed a greater mummy
 74956 | Tomb:3   | Noticed a greater mummy
 74957 | Tomb:3   | Noticed a greater mummy
 74964 | Tomb:3   | Got a golden rune of Zot
 74973 | Tomb:3   | Killed a greater mummy
 75881 | Zot:2    | Reached skill level 27 in Dodging
 76065 | Zot:5    | Entered Level 5 of the Realm of Zot
 76434 | Zot:5    | Noticed an orb of fire
 76437 | Zot:5    | Gained mutation: You are weak. (Str -2) [an orb of fire]
 76438 | Zot:5    | Noticed an orb of fire
 76445 | Zot:5    | Killed an orb of fire
 76448 | Zot:5    | Gained mutation: You are very weak. (Str -4) [an orb of
                  | fire]
 76449 | Zot:5    | Gained mutation: You are dopey. (Int -2) [an orb of fire]
 76450 | Zot:5    | Killed an orb of fire
 76498 | Zot:5    | Got the Orb of Zot
 76503 | Zot:5    | Noticed an orb of fire
 76513 | Zot:5    | Noticed an orb of fire
 76532 | Zot:5    | Mangled by an Orb Guardian

Illustrated notes

Levels and vault maps discovered:
D:1:      dpeg_arrival_long_road, layout_loops_ring
D:2:      lemuel_upstairs_altar, layout_basic, minmay_goblin_outpost
D:3:      layout_basic, gup_sewer_entry_bubbles, okawaru_gym_becter
D:4:      layout_loops_ring
D:5:      wad_crossroads, layout_basic, nicolae_ossuary_entry_ruins,
          uniq_grinder
D:6:      gammafunk_cloud_chamber, layout_cave_pools
D:7:      layout_basic, chequers_temple_overflow_minitemple,
          minmay_temple_entry_glassed_door, biasface_ghost_orc_armoury,
          uniq_maggie
D:8:      layout_loops_ring, lemuel_round_altar
D:9:      layout_long_grid
D:10:     layout_rooms, erik_lair_dragon, david_orc_5,
          gammafunk_ghost_wrathful_warriors, nicolae_antique_artefacts,
          uniq_gastronok
D:11:     layout_irregular_city, uniq_maurice, uniq_urug, uniq_grum
D:12:     layout_basic, serial_shops, shop
D:13:     layout_roguey, kennysheep_generic_room_14
D:14:     layout_roguey, david_vaults_4, infiniplex_staircase_pool_1,
          serial_shops, nicolae_shop_waterfront, nicolae_water_bricks,
          chequers_serial_rivers_room_b, uniq_louise, uniq_josephine
D:15:     gammafunk_enter_depths_forms, layout_long_grid,
          minmay_strange_pillars, minmay_between, uniq_jorgrun
Temple:   minmay_temple_bridge_d
Lair:1:   layout_loops_ring
Lair:2:   layout_regular_city, serial_bayou_shore_b
Lair:3:   layout_roguey, hellmonk_ghost_happy_afterlife, lemuel_another_geyser
Lair:4:   layout_regular_city, nicolae_swamp_entry_splash_gauntlet,
          elwin_shoals_entry_stream, gauntlet_entry_generic,
          columned_hall_lemuel, patterned_corridor
Lair:5:   layout_cave_shapes
Lair:6:   minmay_lair_end_enchanted_forest, layout_gridlike, slime_dummy
Swamp:1:  layout_basic_swamp, hangedman_swamp_lotus
Swamp:2:  layout_basic_swamp, evilmike_swamp_ruin_house_4, swamp_pool5
Swamp:3:  layout_basic_swamp, nicolae_swamp_godswood,
          infiniplex_staircase_pool_2
Swamp:4:  swamp_alternative, layout_basic_swamp, swamp_pool1, uniq_bai_suzhen,
          uniq_mara
Shoals:1: layout_shoals
Shoals:2: layout_shoals, ebering_ghost_reflecting_pool, nicolae_alphabet_shops,
          nicolae_shoals_water_elemental_grotto, uniq_kirke, uniq_aizul
Shoals:3: layout_shoals
Shoals:4: shoals_end_grunt_ice, layout_shoals, shoals_ilsuiw_alternative,
          gammafunk_ghost_necromancy, uniq_polyphemus
Slime:1:  layout_caves
Slime:2:  layout_caves
Slime:3:  layout_caves, dissolution_awaits
Slime:4:  layout_caves
Slime:5
Orc:1:    layout_diamond_mine
Orc:2:    st_orc_ogre_mass, layout_caves, portal_ice_cave_entry_imps
Elf:1:    eino_elf_arrival_altar, layout_geoelf_octagon, serial_shops,
          nicolae_shop_waterfront, hangedman_corner_corridor, glass_columns_b,
          library_closet, uniq_nikola
Elf:2:    layout_gridlike
Elf:3:    elf_hall, layout_gridlike, serial_aquarium,
          aquarium_bridge_long_separate [aquarium_subvault_balcony,
          aquarium_subvault_bridge, aquarium_subvault_bridge,
          aquarium_subvault_balcony, aquarium_subvault_window,
          aquarium_subvault_bridge], aquarium_window_1,
          aquarium_window_corridor_1, aquarium_view_2c, aquarium_view_2d,
          aquarium_pool_2, serial_shops, nicolae_shop_behind_doors, special_room
          [special_room_orc], drop_trap, serial_sigils_hangedman_shear
Vaults:1: nicolae_vaults_sealed_display, nicolae_vaults_little_squares_4,
          v_misc_8, v_misc_24, vaults_mumra_hexcomb, v_misc_27,
          nicolae_vaults_network_quinsquares
          [nicolae_vaults_network_quincunx_subvault,
          nicolae_vaults_network_quincunx_subvault,
          nicolae_vaults_network_quincunx_subvault,
          nicolae_vaults_network_quincunx_subvault], layout_vaults_quadrants,
          serial_shops, nicolae_shop_window_shopping, uniq_saint_roka
Vaults:2: v_pattern_5, nicolae_vaults_gold_heap, v_misc_31, st_octagons_1,
          vaults_standard_mumra_enter_the_diamond, v_misc_2,
          hangedman_vaults_cutoff, serial_ice_b, vaults_dpeg_hooks,
          minmay_crypt_entry_simple_corners, hangedman_vaults_impose,
          grunt_vaults_hallway_short, layout_vaults_omnicross
Vaults:3: hangedman_vaults_impose, vaults_room_boxed,
          vaults_room_hangedman_quadrants, vaults_room_pools,
          ontoclasm_vaults_loading_screen,
          vaults_standard_mumra_enter_the_diamond, v_misc_18,
          nicolae_vaults_little_squares_6, vaults_dpeg_encased_lava,
          vaults_standard_mumra_enter_the_diamond, v_misc_28,
          nicolae_vaults_triangles, layout_vaults_omnibox
Vaults:4: v_misc_16, st_quartered_hall, grunt_vaults_hallway_short,
          grunt_vaults_hallway_short, v_rooms_5, nicolae_vaults_network_star,
          grunt_vaults_trifunnel, nicolae_vaults_ninety_degrees,
          nicolae_vaults_little_squares_2, vaults_room_pools, v_misc_30,
          layout_vaults_maze, uniq_sojobo
Vaults:5: uniq_mennas
Crypt:1:  layout_catacombs
Crypt:2:  layout_regular_city, wad_floor_pattern_2, grunt_ministairs_15,
          not_door_vault_due
Crypt:3:  quadcrypt_mu, uniq_jory
Tomb:1
Tomb:2
Tomb:3
Depths:1: minmay_the_grid_3x2 [minmay_the_grid_embedded,
          minmay_the_grid_outer_circle, minmay_the_grid_holed_spiral,
          minmay_the_grid_mess, minmay_the_grid_outer_diamond,
          minmay_the_grid_prize_inner_circle], layout_basic, kennysheep_path_1,
          abyss_entry, hell_entry, nicolae_rare_books, minmay_multi_spiral,
          serial_bayou_shore_b
Depths:2: evilmike_hourglass, layout_gridlike, chequers_serial_rivers_room_a,
          hell_entry, chequers_serial_rivers_small_a,
          infiniplex_staircase_pillars_1
Depths:3: minmay_two_paths, layout_gridlike, abyss_entry_glasseish,
          nicolae_two_hexagons, rand_demon_pan_entry_1,
          grunt_hell_entry_dis_grunt, minmay_misc_feat_plants
Depths:4: minmay_spiral_squares, layout_basic, hell_entry,
          corexii_hall_statues_s, abyss_entry_crystal,
          ebering_ghost_disaster_area, infiniplex_staircase_zigzag_5
Depths:5: grunt_twist_and_shout, layout_cave_pools, enter_ziggurat_b,
          hangedman_tar_grid_catacomb, serial_shops, shop,
          minmay_misc_feat_roman
Hell
Dis:1:    layout_chaotic_city
Dis:2:    hangedman_dis_monolith, layout_regular_city
Dis:3:    layout_subdivisions
Dis:4:    layout_subdivisions, grunt_megastairs_2
Dis:5:    layout_gridville, grunt_megastairs_3
Dis:6:    layout_gridville
Dis:7:    dis_st
Geh:1:    layout_gehenna_pools_box
Geh:2:    layout_gehenna_lava_caves
Geh:3:    layout_gehenna_lava_caves
Geh:4:    layout_gehenna_pools_triple
Geh:6:    layout_gehenna_pools_triple
Geh:7:    geh_grunt
Coc:1:    layout_ice_bergs
Coc:2:    layout_ice_bergs
Coc:3:    layout_cocytus_water_paths
Coc:4:    layout_cocytus_delve, evilmike_ambush [evilmike_ambush_outer_basic,
          evilmike_ambush_inner_pond]
Coc:5:    layout_cocytus_water_paths
Coc:6:    layout_cocytus_water_paths
Coc:7:    coc_grunt
Tar:1:    layout_catacombs, nicolae_tar_cuneiform_oil
Tar:2:    layout_cathedral_of_symmetry
Tar:3:    layout_honeycomb, grunt_megastairs_1
Tar:4:    layout_honeycomb
Tar:5:    layout_catacombs, nicolae_tar_cuneiform_bread,
          nicolae_tar_cuneiform_sun, nicolae_tar_cuneiform_to_be,
          hangedman_snap_crack_crunch
Tar:6:    layout_grid_maze
Tar:7:    tar_old
Zot:1:    grunt_deathspiral_small, layout_concentric_octagons,
          grunt_ministairs_9, hangedman_spider_trapstep
Zot:2:    layout_twisted_circle
Zot:3:    layout_basic, grunt_ministairs_6, hangedman_zot_decor_slant,
          st_stairs_14
Zot:4:    layout_concentric_octagons
Zot:5:    layout_concentric_octagons, kennysheep_underground_church

Skill      XL: |  1  2  3  4  5  6  7  8  9 10 11 12 13 14 15 16 17 18 19 20 21 22 23 24 25 26 27 |
---------------+----------------------------------------------------------------------------------+-----
Axes           | 3 8 14 15 21 | 21.2
Maces & Flails | 1 2 4 5 6 9 11 12 14 16 17 | 17.9
Throwing       | 1 2 3 4 5 6 7 8 9 10 | 10.6
Armour         | 2 3 4 6 7 8 9 10 11 13 14 15 20 | 20.6
Dodging        | 2 3 4 5 7 8 10 11 12 13 14 15 16 17 27 | 27.0
Shields        | 2 3 4 6 7 9 11 12 13 14 15 20 | 20.3
Invocations    | 2 4 5 6 8 9 10 11 12 13 15 16 17 | 17.1
Evocations     | 2 3 4 5 6 7 8 9 10 11 12 13 14 15 | 15.0
Fighting       | 4 5 6 8 9 10 11 12 13 14 15 16 17 19 27 | 27.0
Stealth        | |  3.3

Action                   |  1- 3 |  4- 6 |  7- 9 | 10-12 | 13-15 | 16-18 | 19-21 | 22-24 | 25-27 || total
-------------------------+-------+-------+-------+-------+-------+-------+-------+-------+-------++-------
Melee: Hand axe          |    31 |       |       |       |       |       |       |       |       ||    31
       Tailslap          |     7 |    24 |    60 |    90 |   212 |   244 |   339 |   470 |  1474 ||  2920
       Whip              |    44 |   310 |   385 |   122 |       |       |       |       |       ||   861
       Eveningstar       |       |       |       |   432 |  1028 |  1202 |    97 |       |       ||  2759
       War axe           |       |       |       |       |       |    78 |  1102 |  1555 |   348 ||  3083
       Broad axe         |       |       |       |       |       |       |       |       |  4880 ||  4880
       Kick              |       |       |       |       |       |       |       |       |     7 ||     7
Throw: Javelin           |       |     3 |    32 |    12 |       |       |       |       |       ||    47
       Throwing net      |       |       |     2 |       |       |       |     1 |       |    15 ||    18
       Dart              |       |       |     1 |    11 |       |     3 |       |     1 |     3 ||    19
 Cast: Apportation       |       |       |       |       |       |       |       |       |     1 ||     1
Invok: Heroism           |       |       |       |     2 |     3 |     4 |     6 |     4 |       ||    19
       Finesse           |       |       |       |     2 |     2 |     9 |     6 |     7 |     1 ||    27
       Divine Shield     |       |       |       |       |       |       |       |       |    34 ||    34
       Cleansing Flame   |       |       |       |       |       |       |       |       |    15 ||    15
       Summon Divine War |       |       |       |       |       |       |       |       |    14 ||    14
       Brand Weapon With |       |       |       |       |       |       |       |       |     1 ||     1
 Abil: Rolling Charge    |     7 |    38 |    47 |    85 |   122 |   164 |   165 |   142 |   473 ||  1243
       Evoke Berserk Rag |       |       |       |     3 |     9 |       |       |       |       ||    12
       Evoke Blink       |       |       |       |       |       |       |     1 |       |       ||     1
       Blink             |       |       |       |       |       |       |       |       |     1 ||     1
Evoke: Wand              |       |       |     2 |    14 |     6 |    19 |    10 |     3 |    23 ||    77
       Condenser vane    |       |       |       |       |       |       |       |     1 |       ||     1
       Box of beasts     |       |       |       |       |       |       |       |       |     3 ||     3
  Use: Scroll            |     2 |     3 |    12 |    15 |    10 |    11 |     9 |     7 |    84 ||   153
       Potion            |     1 |     1 |     1 |     3 |     4 |     4 |     4 |     5 |    80 ||   103
 Stab: Sleeping          |     2 |     3 |     2 |       |       |     3 |       |       |       ||    10
       Distracted        |       |     1 |       |       |       |     3 |       |       |       ||     4
       Held in net/web   |       |       |     3 |       |       |       |     1 |       |       ||     4
       Paralysed         |       |       |       |       |     1 |       |    14 |     4 |       ||    19
       Confused          |       |       |       |       |       |     3 |       |       |       ||     3
       Petrifying        |       |       |       |       |       |       |     4 |       |       ||     4
       Petrified         |       |       |       |       |       |       |     1 |       |       ||     1
Armor: Leather armour    |    21 |    82 |    54 |       |       |       |       |       |       ||   157
       Swamp dragon scal |       |       |     9 |    83 |       |       |       |       |       ||    92
       Ring mail         |       |       |       |     6 |       |    57 |       |       |       ||    63
       Chain mail        |       |       |       |    93 |   216 |    53 |    81 |       |       ||   443
       Plate armour      |       |       |       |       |       |    47 |   172 |   207 |  1286 ||  1712
Dodge: Dodged            |    33 |   101 |    49 |   110 |   112 |   156 |   232 |   284 |  1659 ||  2736
Block: Kite shield       |       |     7 |    76 |   174 |   184 |       |       |       |       ||   441
       Tower shield      |       |       |       |       |   399 |   960 |  1161 |  1529 |  6946 || 10995
       Reflection        |       |       |       |       |    21 |    64 |    77 |    62 |   216 ||   440

Table legend: (Time is in decaauts)
 A = Elapsed time spent in this place.
 B = Non-inter-level travel time spent in this place.
 C = Inter-level travel time spent in this place.
 D = Time resting spent in this place.
 E = Time spent auto-exploring this place.
 F = Levels seen in this place.
 G = Mean time per level.
                   A        B        C        D        E       F      G
               +--------+--------+--------+--------+--------+-----+--------+
         Total |  74516 |  63050 |  11466 |  11234 |  28645 | 123 |  605.8 |
       Dungeon |  16283 |  12626 |   3657 |   1560 |   7412 |  15 | 1085.5 |
        Temple |    168 |     69 |     99 |      0 |     62 |   1 |  168.0 |
          Lair |   6611 |   5596 |   1015 |   1150 |   3261 |   6 | 1101.8 |
         Swamp |   2302 |   2101 |    201 |     36 |   1504 |   4 |  575.5 |
        Shoals |   3311 |   2977 |    334 |    218 |   2034 |   4 |  827.8 |
    Slime Pits |   2623 |   2551 |     72 |   1827 |     49 |   5 |  524.6 |
  Orcish Mines |   1450 |   1310 |    140 |    374 |    534 |   2 |  725.0 |
   Elven Halls |   3824 |   3582 |    242 |    756 |   1487 |   3 | 1274.7 |
        Vaults |   7582 |   5688 |   1894 |    158 |   3703 |   5 | 1516.4 |
         Crypt |   5340 |   3747 |   1593 |    438 |   2346 |   3 | 1780.0 |
          Tomb |   4630 |   3872 |    758 |   1938 |    783 |   3 | 1543.3 |
        Depths |   5633 |   4732 |    901 |     95 |   3097 |   5 | 1126.6 |
          Hell |    869 |    623 |    246 |      0 |    307 |   1 |  869.0 |
           Dis |   1314 |   1310 |      4 |    467 |    158 |   7 |  187.7 |
       Gehenna |   1065 |   1007 |     58 |    195 |      0 |   6 |  177.5 |
       Cocytus |   1238 |   1169 |     69 |     61 |      0 |   7 |  176.9 |
      Tartarus |   1118 |   1051 |     67 |     21 |    167 |   7 |  159.7 |
           Zot |    744 |    635 |    109 |     37 |     12 |   5 |  148.8 |
         Abyss |    702 |    702 |      0 |     72 |     68 |   4 |  175.5 |
   Pandemonium |   4947 |   4947 |      0 |    835 |    989 |  18 |  274.8 |
      Ziggurat |    654 |    654 |      0 |    361 |      0 |   9 |   72.7 |
         Sewer |   1020 |   1020 |      0 |    424 |    339 |   1 | 1020.0 |
      Ice Cave |    285 |    285 |      0 |    110 |     12 |   1 |  285.0 |
      Gauntlet |    793 |    793 |      0 |     95 |    319 |   1 |  793.0 |
               +--------+--------+--------+--------+--------+-----+--------+

Top non-repeatable levels by time:
  Tomb:1: 3140 daAuts
 Crypt:3: 2890 daAuts
    D:10: 1893 daAuts
Vaults:2: 1836 daAuts
Vaults:5: 1735 daAuts
Vaults:1: 1714 daAuts
    D:14: 1695 daAuts
   Elf:3: 1629 daAuts
  Lair:4: 1566 daAuts
Depths:3: 1420 daAuts
     D:2: 1416 daAuts
  Lair:6: 1369 daAuts
  Tomb:2: 1361 daAuts
Depths:1: 1340 daAuts
   Elf:1: 1331 daAuts
